 Dungeon Crawl Stone Soup version 0.31-a0-700-gf13585253f (webtiles) character file.

Game seed: 7464250391909132287

2014319 qw the Conqueror (level 26, 193/193 HPs)
             Began as a Gargoyle Hunter on Sept 7, 2023.
             Was an Elder of Okawaru.
             Escaped with the Orb
             ... and 3 runes!
             The game lasted 00:41:46 (46941 turns).

qw the Conqueror (Gargoyle Hunter)                 Turns: 46941, Time: 00:41:47

Health: 193/193    AC: 42    Str: 14      XL:     26   Next: 48%
Magic:  34/34      EV: 39    Int: 11 (12) God:    Okawaru [****..]
Gold:   985        SH:  0    Dex: 35      Spells: 25/25 levels left

rFire   + + .        x - +8 longbow "Fuxtyit" {speed, Dex+2}
rCold   + . .        (shield currently unavailable)
rNeg    + . .        D - +4 faerie dragon scales {Will+ rCorr Stlth+}
rPois   inf          o - +2 helmet
rElec   +            i - scarf {rC+ rF+}
rCorr   +            c - -2 pair of gloves of a bailey {rElec rF+ Will+ Str-3 SInv}
SInv    +            j - +0 pair of boots
Will    +++..        s - amulet of Vitality {RegenMP++ Regen++}
Stlth   ++           m - +6 ring of dexterity
HPRegen 2.12/turn    u - +6 ring of dexterity
MPRegen 1.04/turn

%: no passive effects
@: flying
A: sickness immunity, AC +20, big wings, negative energy resistance 1,
electricity resistance, torment resistance 1, petrification resistance,
deterioration 1, high MP 1, screaming 1, shaggy fur 1, subdued magic 1
0: Orb of Zot
}: 3/15 runes: barnacled, silver, gossamer
a: Renounce Religion, Heroism, Finesse


You escaped.
You worshipped Okawaru.
Okawaru was greatly pleased with you.
You visited 9 branches of the dungeon, and saw 45 of its levels.
You also visited: Wizlab.

You collected 6194 gold pieces.
You spent 5209 gold pieces at shops.


Innate Abilities, Weirdness & Mutations

You are immune to sickness and miasma.
Your stone body is resilient. (AC +20)
You are immune to poison.
Your large and strong wings let you fly.
You resist negative energy. (rN+)
You are resistant to electric shocks. (rElec)
You are resistant to unholy torment.
You are immune to petrification.
Your body sometimes deteriorates upon taking damage.
You have an increased reservoir of magic. (+10% MP)
You occasionally shout uncontrollably at your foes.
You are covered in fur. (AC +1)
Your spells are a little easier to cast, but a little less powerful.


   Skills:
 O Level 27 Fighting
 - Level 21.0 Ranged Weapons
 + Level 21.5 Armour
 - Level 22.0 Dodging
 - Level 1.1 Stealth
 - Level 11.5 Invocations


You had 25 spell levels left.
You didn't know any spells.
Your spell library was empty.

Inventory:

Hand Weapons
 b - the +1 longbow "Qane" {elec, rF++ Dex+3}
   (You acquired it on level 5 of the Dungeon)

   Dex+3:     It affects your dexterity (+3).
   rF++:      It greatly protects you from fire.
 x - the +8 longbow "Fuxtyit" (weapon) {speed, Dex+2}
   (Okawaru gifted it to you on level 2 of the Spider Nest)

   Dex+2:     It affects your dexterity (+2).
Armour
 c - the -2 pair of gloves of a bailey (worn) {rElec rF+ Will+ Str-3 SInv}
   (You found it on level 4 of the Spider Nest)

   Str-3:     It affects your strength (-3).
   rF+:       It protects you from fire.
   rElec:     It insulates you from electricity.
   Will+:     It increases your willpower.
   SInv:      It lets you see invisible.
 i - a scarf of resistance (worn)
 j - a +0 pair of boots (worn)
 n - a +2 cloak
 o - a +2 helmet (worn)
 q - a +2 pair of gloves
 w - the +0 pair of gloves "Pysegilu" {rF+ Will+ rCorr Int+3}
   (Okawaru gifted it to you on level 2 of the Vaults)

   Int+3:     It affects your intelligence (+3).
   rF+:       It protects you from fire.
   Will+:     It increases your willpower.
   rCorr:     It protects you from acid and corrosion.
 C - a +2 robe of resistance
 D - the +4 faerie dragon scales (worn) {Will+ rCorr Stlth+}
   (You took it off the Enchantress on level 3 of the Depths)

   Will+:     It increases your willpower.
   rCorr:     It protects you from acid and corrosion.
   Stlth+:    It makes you more stealthy.
 G - a +0 helmet of see invisible
Jewellery
 m - a +6 ring of dexterity (left hand)
 s - the amulet of Vitality (around neck) {RegenMP++ Regen++}
   (You acquired it on level 14 of the Dungeon)

   [amulet of magic regeneration]

   RegenMP:   It increases your rate of magic regeneration.
   Regen++:   It increases your rate of health regeneration.
 u - a +6 ring of dexterity (right hand)
Wands
 y - a wand of digging (16)
Scrolls
 d - 13 scrolls of identify
 e - 2 scrolls of brand weapon
 f - 21 scrolls of teleportation
 k - 6 scrolls of enchant weapon
Potions
 a - 6 potions of resistance
 g - 11 potions of enlightenment
 h - 17 potions of mutation
 l - 25 potions of curing
 p - 3 potions of magic
 t - 11 potions of heal wounds
 A - 5 potions of cancellation
 B - 6 potions of might

Dungeon Overview and Level Annotations

Branches:
Dungeon (15/15)            Temple (1/1) D:7            Lair (5/5) D:8
 Shoals (4/4) Lair:3       Spider (4/4) Lair:3        Slime (0/5) Lair:4
    Orc (2/2) D:12            Elf (0/3) Orc:2        Vaults (5/5) D:14
  Crypt (0/3) Vaults:2     Depths (4/4) D:15            Zot (5/5) Depths:4
 WizLab (visited)

Altars:
Ashenzari
Cheibriados
Dithmenos
Elyvilon
Fedhas
Gozag
Hepliaklqana
Kikubaaqudgha
Makhleb
Nemelex Xobeh
Okawaru
Qazlal
Ru
Sif Muna
Trog
Uskayaw
Vehumet
Wu Jian
Xom
Yredelemnul
Zin
The Shining One

Shops:
D:8 [   D:10 [   D:12 [   Orc:1 *   Orc:2 !?[*   Shoals:1 (   Shoals:2 *
Vaults:1 (((:!   Vaults:3 *   Vaults:4 [   Vaults:5 !??!!   Depths:2 *(

Portals:
Hell: Depths:1 Depths:2 Depths:3 Depths:4
Abyss: Depths:3
Pandemonium: Depths:2 Depths:3
Ziggurat: Depths:1

Annotations:
D:6 1 runed translucent door, Crazy Yiuf
D:10 3 runed translucent doors, qw's ghost, journeyman GrHu
D:11 1 runed translucent door
D:15 3 runed translucent doors, Giaff's ghost, journeyman DsGl; Jussuw Iff's ghost, adept KoGl; Uwkoecio's ghost, journeyman HOFi; Xastuj's ghost, journeyman DDFi
Lair:3 3 runed translucent doors, exclusion: ice statue, qw's ghost, journeyman GrHu
Vaults:2 1 runed translucent door, qw's ghost, adept GrHu
Depths:1 exclusion: 4 daevas
Zot:1 1 runed translucent door, qw's ghost, veteran GrHu


Message History

Enter note:
Enter note:
Enter note:
Enter note:
Enter note:
Enter note:
Enter note: You shoot an arrow.
The arrow barely misses the endoplasm.
The endoplasm quivers.
You shoot an arrow. The arrow hits the endoplasm.
The endoplasm is severely wounded.
You shoot an arrow. The arrow hits the endoplasm!!
You kill the endoplasm!
What level of the Dungeon? (default 1, ? - help)
Things that are here:
6 poisoned darts; a +0 dagger
There is a stone staircase leading up here.
You fly upwards.
There is a stone staircase leading down here.
There is a stone staircase leading up here.
You fly upwards.
There is a stone staircase leading down here.
There is an open door here.
There is an open door here.
There is a staircase leading out of the dungeon here.
Enter note:
Enter note:
Enter note:
Enter note:
Enter note:
Enter note:
Enter note:
Enter note:
Enter note:
Enter note:
Enter note:
Enter note:
Enter note:
Enter note: You have escaped!

##..#
#...###'###'#...#...##.##.
##.##
#.#####.....#####..###.##.
#..#
#.#...#.....#...#.####.##.
##.#
#.#.8.+..8..+.8.#.##...#.. #.#
#.#...#.....#...#....##..# #.#
#######.....#####.#.....## #.#
###'### #.#....... ##.# #...#
####...#.###. #..# #.@.#
#....###.# #. #.## #...#
#...####.# ##
#.#################...###..# #
#.#...[...?............##.##
#.###########.....####.##.####
#.# #.....##..........# #.#
##....###..........# #.#
###....## #..........#
#.#######...#..## #>.........#


There were no monsters in sight!

Vanquished Creatures
  5 ancient liches
  4 dread liches
  Mennas (Vaults:4)
  7 orbs of fire
  2 pandemonium lords
  Boris (Vaults:3)
  Parghit (Zot:3)
  3 Killer Klowns
  Bai Suzhen (Depths:2)
  A curse toe (Zot:4)
  Nikola (Depths:1)
  8 golden dragons
  the Enchantress (Depths:3)
  4 electric golems
  A Brimstone Fiend (Zot:5)
  10 tentacled monstrosities
  3 hellephants (Depths:2)
  Asterion (Spider:1)
  28 Orb Guardians
  Jorgrun (Spider:3)
  2 Ice Fiends
  4 liches
  6 quicksilver dragons
  8 titans
  5 death cobs
  A kraken (Shoals:2)
  3 sphinxes
  2 sphinxes (shapeshifter)
  5 tengu reavers
  8 shadow dragons
  8 storm dragons
  4 draconian knights
  Aizul (Depths:1)
  2 draconian monks
  Roxanne (Spider:1)
  Donald (Spider:2)
  7 fire giants
  7 frost giants
  2 iron dragons (Vaults:5)
  16 vault wardens
  4 emperor scorpions
  4 draconian scorchers
  A reaper (Depths:4)
  2 ghost moths
  2 cacodemons (Zot:1)
  A draconian shifter (Zot:4)
  2 orc warlords
  22 ironbound preservers
  5 draconian stormcallers
  5 spriggan defenders
  16 stone giants
  A broodmother (Spider:1)
  2 formless jellyfish
  28 very ugly things
  8 war gargoyles
  2 deep elf demonologists
  A vampire knight (Depths:2)
  5 ironbound thunderhulks
  9 black draconians
  2 deep elf annihilators (Vaults:5)
  8 green draconians
  7 dire elephants
  4 spark wasps
  12 purple draconians
  8 white draconians
  7 red draconians
  9 yellow draconians
  7 ettins
  Snorg (D:14)
  An iron golem (Depths:3)
  5 statues (WizLab)
  2 crystal guardians (Vaults:3)
  2 blizzard demons
  A quicksilver dragon zombie (Vaults:4)
  3 merfolk javelineers
  A deep elf high priest (Vaults:5)
  12 fire dragons
  2 spectral krakens (Shoals:2)
  Josephine (D:10)
  15 yaktaur captains
  17 merfolk impalers
  Erolcha (D:9)
  8 entropy weavers
  A spriggan zombie (Depths:1)
  5 rakshasas
  3 peacekeepers
  Harold (D:11)
  35 vault guards
  3 ghost crabs (Shoals:2)
  6 great orbs of eyes
  7 ice dragons
  A catoblepas (Lair:3)
  9 hydras
  6 ogre magi
  3 merfolk avatars
  3 jorogumos
  4 spriggan air magi
  A sphinx zombie (Depths:1)
  8 radroaches
  8 ironbound frosthearts
  2 merfolk aquamancers (Shoals:4)
  4 death yaks (Lair:5)
  A death knight (D:14)
  7 centaur warriors
  12 boulder beetles
  13 deep troll earth magi
  A death yak (shapeshifter) (Depths:3)
  11 hell hogs
  18 two-headed ogres
  2 tengu warriors
  3 satyrs
  11 dancing weapons (Depths:3)
  4 spriggan berserkers
  8 deep troll shamans
  A vampire mage (Depths:1)
  9 demonic crawlers
  A hell knight (Depths:2)
  A titan skeleton (Vaults:2)
  2 skysharks (shapeshifter) (Depths:3)
  4 sun moths
  12 iron trolls
  14 skeletal warriors
  11 pharaoh ants
  17 sea snakes
  6 skysharks
  An orange crystal statue (Zot:5)
  An orb spider (shapeshifter) (Vaults:3)
  10 glowing orange brains
  7 steelbarb worms
  52 deep trolls
  A shadow demon (Zot:5)
  2 swamp dragons
  4 obsidian statues (Depths:3)
  3 orb spiders
  15 harpies
  8 wizards
  2 orc knights
  4 phantasmal warriors
  18 ironbound convokers
  A flayed ghost (Depths:4)
  2 lindwurms (Vaults:3)
  A mana viper (shapeshifter) (Depths:3)
  A steelbarb worm (shapeshifter) (Vaults:5)
  A sphinx simulacrum (Depths:2)
  A deep elf pyromancer (D:15)
  A tengu zombie (Vaults:4)
  4 necromancers
  19 wolf spiders
  An orc sorcerer (D:15)
  Pikel (D:7)
  A shining eye (shapeshifter) (Depths:3)
  2 oklob plants
  A fire giant zombie (Depths:2)
  6 cyclopes
  47 ugly things
  21 manticores
  15 elephants
  8 merfolk sirens
  A water nymph (shapeshifter) (Depths:3)
  13 fauns
  6 water nymphs
  23 moths of wrath
  A stone giant skeleton (Vaults:3)
  3 human skeletons (Vaults:2)
  A spectral alligator snapping turtle (Shoals:2)
  Joseph (D:7)
  A spectral sea snake (Shoals:2)
  5 black mambas
  6 cane toads
  4 orange demons (Zot:1)
  A molten gargoyle (Depths:3)
  3 torpor snails
  A gargoyle (D:13)
  An unseen horror zombie (D:10)
  25 vault sentinels
  A hellion (D:14)
  4 rime drakes (Lair:5)
  2 unseen horrors
  A yaktaur zombie (Vaults:3)
  3 freezing wraiths
  14 tengu conjurers
  9 komodo dragons
  A golden dragon simulacrum (Depths:1)
  2 spectral merfolk (Shoals:2)
  A red devil (D:10)
  A queen bee (shapeshifter) (D:15)
  28 yaktaurs
  A spectral harpy (Shoals:2)
  3 yaktaur skeletons (Vaults:2)
  27 merfolk
  3 meliai (Spider:4)
  2 hellwings
  3 polar bears
  Prince Ribbit (D:7)
  8 trolls
  A troll (shapeshifter) (D:13)
  A queen bee (Orc:1)
  23 tarantellas
  16 blink frogs
  A hornet (Depths:4)
  6 wind drakes
  A spectral manticore (Shoals:2)
  A dream sheep (shapeshifter) (Vaults:5)
  23 slime creatures
  36 jumping spiders
  A deep troll zombie (Vaults:4)
  15 culicivoras
  10 snapping turtles
  2 shadows
  8 wraiths
  5 air elementals (Depths:3)
  3 spriggans
  2 slime creatures (shapeshifter) (Depths:3)
  8 wyverns
  A spriggan (shapeshifter) (Depths:3)
  9 water elementals
  2 vampires
  51 yaks
  A spectral wind drake (Shoals:2)
  4 fire elementals (Depths:3)
  3 basilisks
  A hog (shapeshifter) (D:13)
  67 redbacks
  4 steam dragons
  A warg (shapeshifter) (Depths:3)
  2 chaos spawn (Zot:1)
  An elf skeleton (Vaults:3)
  A redback (shapeshifter) (Depths:2)
  7 vampire mosquitoes
  2 elf simulacra
  5 acid dragons
  3 wargs
  A swamp worm (shapeshifter) (Vaults:5)
  2 glowing shapeshifter zombies
  A large abomination (D:10)
  3 floating eyes (shapeshifter) (Depths:3)
  18 water moccasins
  2 glowing shapeshifter skeletons
  15 orc warriors
  A floating eye (Depths:1)
  A black bear (D:5)
  A sky beast (shapeshifter) (Vaults:5)
  7 sky beasts
  A swamp drake (Lair:5)
  29 wolves
  10 ice beasts
  30 ogres
  A wolf (shapeshifter) (Depths:3)
  14 centaurs
  4 boggarts (D:14)
  3 lemures (D:7)
  A phantom (D:5)
  4 kobold brigands
  15 bullfrogs
  4 gnoll sergeants
  Blork the orc (D:5)
  5 earth elementals (Depths:3)
  3 scorpions
  15 wights
  24 killer bees
  An electric eel (Lair:4)
  6 howler monkeys
  A centaur zombie (D:10)
  A gnoll bouda (Orc:2)
  A jelly (D:5)
  A hound (D:5)
  6 orc priests
  A sleepcap (D:6)
  Jessica (D:2)
  Natasha (thrice) (D:4)
  6 iguanas
  18 orc wizards
  6 hell rats (Lair:2)
  17 gnolls
  7 adders
  2 shadow imps
  6 white imps
  2 worms (D:3)
  A dart slug (D:2)
  53 orcs
  5 ball pythons
  5 bats
  7 endoplasms
  3 giant cockroaches
  4 hobgoblins
  5 jackals
  6 quokkas
  2 frilled lizards
  7 goblins
  23 kobolds
  6 rats
  9 ball lightnings (Depths:3)
  4 tentacles (Shoals:2)
1955 creatures vanquished.

Vanquished Creatures (others)
  A war gargoyle (Depths:3)
  A sixfirhy (Zot:1)
  A glowing orange brain (Depths:3)
  A human zombie (Depths:2)
  2 ball lightnings (Depths:3)
  19 tentacles (Shoals:2)
25 creatures vanquished.

Grand Total: 1980 creatures vanquished

Notes
Turn   | Place    | Note
-------+----------+-------------------------------------------
     0 | D:1      | qw the Gargoyle Hunter began the quest for the Orb.
     0 | D:1      | Reached XP level 1. HP: 12/12 MP: 1/1
     0 | D:1      | 0 ||| qw: Version: 0.3-a-76-g4403597
     0 | D:1      | 0 ||| qw: Game counter: 740
     0 | D:1      | 0 ||| qw: Melee chars always use a shield: true
     0 | D:1      | 0 ||| qw: God list: Okawaru
     0 | D:1      | 0 ||| qw: Allow faded altars: false
     0 | D:1      | 0 ||| qw: Do Orc after clearing Dungeon:15 true
     0 | D:1      | 0 ||| qw: Do second Lair branch before Depths: true
     0 | D:1      | 0 ||| qw: Lair rune preference: random
     0 | D:1      | 0 ||| qw: Goals: Normal
     0 | D:1      | 0 ||| PLANNING D:1-11
   131 | D:1      | Reached XP level 2. HP: 17/17 MP: 2/2
   471 | D:1      | 471 ||| READING scroll labelled DOWUTODATI.
   472 | D:1      | 472 ||| DROPPING scroll of butterflies.
   710 | D:2      | Reached XP level 3. HP: 21/21 MP: 3/3
   792 | D:2      | Noticed Jessica
   796 | D:2      | Killed Jessica
   797 | D:2      | Reached skill level 3 in Fighting
   820 | D:2      | Reached XP level 4. HP: 9/28 MP: 4/4
   826 | D:2      | HP: 4/28 [quokka (4)]
  1274 | D:2      | 1274 ||| UPGRADING to +0 ring mail.
  1284 | D:2      | 1284 ||| DROPPING +0 leather armour.
  1285 | D:2      | 1285 ||| UPGRADING to amulet of guardian spirit.
  1290 | D:2      | 1290 ||| READING scroll labelled ICUWNI ESUEKHLO.
  1291 | D:2      | 1291 ||| READING scroll labelled QEGOIR ULEDU.
  1292 | D:2      | 1292 ||| READING scroll labelled GIOSTR PETU.
  1367 | D:3      | Reached skill level 1 in Armour
  1430 | D:3      | 1430 ||| RETREATING.
  1431 | D:3      | 1431 ||| Stepping ~*~*~tactically~*~*~ (outnumbered).
  1444 | D:3      | Reached XP level 5. HP: 29/32 MP: 5/5
  1504 | D:3      | You fall into a shaft and drop 2 floors!
  1504 | D:5      | Entered Level 5 of the Dungeon
  1508 | D:5      | Noticed an ogre
  1516 | D:5      | Killed an ogre
  1517 | D:5      | Reached skill level 6 in Ranged Weapons
  1531 | D:5      | 1531 ||| Stepping ~*~*~tactically~*~*~ (retreating).
  1543 | D:5      | Reached XP level 6. HP: 31/38 MP: 4/6
  1553 | D:5      | Reached skill level 4 in Fighting
  1665 | D:5      | 1665 ||| READING scroll labelled GUTISCHEPLU.
  1666 | D:5      | 1666 ||| READING scroll labelled YHAENO OCHOZEA.
  1666 | D:5      | Identified a scroll of acquirement
  1666 | D:5      | 1666 ||| ACQUIRING +1 longbow "Qane" {elec, rF++ Dex+3}
  1666 | D:5      | Acquired the +1 longbow "Qane" {elec, rF++ Dex+3}
  1668 | D:5      | 1668 ||| SWAPPING to +1 longbow "Qane" {elec, rF++ Dex+3}.
  1669 | D:5      | 1669 ||| DROPPING +0 shortbow.
  1670 | D:5      | 1670 ||| DRINKING 2 emerald potions.
  1670 | D:5      | Gained mutation: You are partially covered in large bone
                  | plates. (SH +4) [potion of mutation]
  1670 | D:5      | Gained mutation: You expend magic power (3 MP) to
                  | strengthen your wands. [potion of mutation]
  1670 | D:5      | Gained mutation: Your flesh is cold resistant. (rC+)
                  | [potion of mutation]
  1691 | D:4      | 1691 ||| FLEEEEING.
  1692 | D:4      | 1692 ||| STAIRDANCE
  1856 | D:3      | Found a sparkling altar of Nemelex Xobeh.
  2277 | D:3      | 2277 ||| UPGRADING to +0 cloak.
  2282 | D:3      | 2282 ||| DRINKING 2 white potions.
  2310 | D:3      | 2310 ||| READING 4 scrolls of identify.
  2310 | D:3      | 2310 ||| IDENTIFYING fizzy cyan potion
  2311 | D:3      | 2311 ||| READING 3 scrolls of identify.
  2311 | D:3      | 2311 ||| IDENTIFYING cyan potion
  2312 | D:3      | 2312 ||| DROPPING potion of brilliance.
  2313 | D:3      | 2313 ||| DROPPING potion of lignification.
  2357 | D:4      | Found a shadowy altar of Dithmenos.
  2376 | D:4      | Noticed Natasha
  2380 | D:4      | Killed Natasha
  2481 | D:4      | Noticed Natasha
  2486 | D:4      | Killed Natasha
  2510 | D:4      | Noticed Natasha
  2514 | D:4      | Killed Natasha
  2523 | D:4      | Reached XP level 7. HP: 36/43 MP: 5/7
  2878 | D:4      | 2878 ||| READING scroll labelled IMODEQ INGEYCH.
  2979 | D:4      | 2979 ||| READING 2 scrolls of identify.
  2979 | D:4      | 2979 ||| IDENTIFYING grey potion
  2980 | D:4      | 2980 ||| DROPPING potion of attraction.
  3026 | D:5      | 3026 ||| READING scroll of enchant armour.
  3026 | D:5      | 3026 ||| ENCHANTING +0 cloak.
  3035 | D:5      | Noticed Blork the orc
  3039 | D:5      | Killed Blork the orc
  3376 | D:5      | Reached skill level 5 in Fighting
  3376 | D:5      | Reached XP level 8. HP: 50/50 MP: 8/8
  3485 | D:5      | Found a stormy altar of Qazlal.
  3570 | D:5      | 3570 ||| UPGRADING to +0 pair of boots.
  3578 | D:5      | 3578 ||| READING scroll labelled ASOVONT SOVAF.
  3588 | D:5      | 3588 ||| READING 2 scrolls of identify.
  3588 | D:5      | 3588 ||| IDENTIFYING fuming coppery potion
  3663 | D:6      | 3663 ||| Stepping ~*~*~tactically~*~*~ (retreating).
  3664 | D:6      | 3664 ||| Stepping ~*~*~tactically~*~*~ (retreating).
  3665 | D:6      | 3665 ||| Stepping ~*~*~tactically~*~*~ (retreating).
  3666 | D:6      | 3666 ||| Stepping ~*~*~tactically~*~*~ (retreating).
  3667 | D:6      | 3667 ||| Stepping ~*~*~tactically~*~*~ (retreating).
  3669 | D:6      | Reached skill level 9 in Ranged Weapons
  3675 | D:6      | 3675 ||| FLEEEEING.
  3676 | D:6      | 3676 ||| FLEEEEING.
  3677 | D:6      | 3677 ||| FLEEEEING.
  3678 | D:6      | 3678 ||| FLEEEEING.
  3679 | D:6      | 3679 ||| FLEEEEING.
  3680 | D:6      | 3680 ||| FLEEEEING.
  3681 | D:6      | 3681 ||| FLEEEEING.
  3682 | D:6      | 3682 ||| FLEEEEING.
  3683 | D:6      | 3683 ||| FLEEEEING.
  3686 | D:6      | 3686 ||| FLEEEEING.
  3687 | D:6      | 3687 ||| FLEEEEING.
  3688 | D:6      | 3688 ||| FLEEEEING.
  3690 | D:6      | Reached skill level 6 in Fighting
  3693 | D:6      | 3693 ||| STAIRDANCE
  3711 | D:5      | 3711 ||| DRINKING potion of curing.
  3711 | D:5      | 3711 ||| (to cure confusion)
  3720 | D:5      | 3720 ||| READING scroll labelled AMMOIW ESEERA.
  3806 | D:6      | Identified the ring of Intercession {Contam rElec Will++
                  | MP+9}
  3811 | D:6      | 3811 ||| Stepping ~*~*~tactically~*~*~ (outnumbered).
  3814 | D:6      | 3814 ||| Stepping ~*~*~tactically~*~*~ (outnumbered).
  3856 | D:6      | Reached XP level 9. HP: 45/55 MP: 7/9
  3898 | D:6      | Reached skill level 3 in Armour
  4002 | D:6      | Reached skill level 3 in Dodging
  4033 | D:6      | Found a runed translucent door.
  4034 | D:6      | Noticed Crazy Yiuf
  4091 | D:6      | 4091 ||| RETREATING.
  4094 | D:6      | 4094 ||| Stepping ~*~*~tactically~*~*~ (retreating).
  4095 | D:6      | 4095 ||| Stepping ~*~*~tactically~*~*~ (retreating).
  4099 | D:6      | 4099 ||| Stepping ~*~*~tactically~*~*~ (retreating).
  4100 | D:6      | 4100 ||| Stepping ~*~*~tactically~*~*~ (retreating).
  4102 | D:6      | 4102 ||| RETREATING.
  4110 | D:6      | Reached skill level 7 in Fighting
  4264 | D:6      | Found a glowing silver altar of Zin.
  4477 | D:6      | 4477 ||| UPGRADING to ring of Intercession {Contam rElec
                  | Will++ MP+9}.
  4534 | D:6      | 4534 ||| DRINKING 2 bubbling puce potions.
  4535 | D:6      | 4535 ||| DROPPING potion of magic.
  4588 | D:7      | 4588 ||| RETREATING.
  4589 | D:7      | 4589 ||| Stepping ~*~*~tactically~*~*~ (retreating).
  4735 | D:7      | Noticed Prince Ribbit
  4738 | D:7      | Killed Prince Ribbit
  4739 | D:7      | Reached skill level 8 in Fighting
  4876 | D:7      | Noticed a troll
  4882 | D:7      | Killed a troll
  4883 | D:7      | Reached XP level 10. HP: 59/64 MP: 10/10
  4912 | D:7      | Identified the +2 robe of Tolait {rC- Str+3 Int+4 Stlth+}
  4926 | D:7      | Found a staircase to the Ecumenical Temple.
  4927 | D:7      | 4927 ||| PLANNING TEMPLE
  4938 | Temple   | Entered the Ecumenical Temple
  4939 | Temple   | 4939 ||| PLANNING OKAWARU WORSHIP
  4947 | Temple   | Became a worshipper of Warmaster Okawaru
  4948 | Temple   | 4948 ||| PLANNING D:1-11
  4948 | Temple   | 4948 ||| REMOVING amulet of guardian spirit.
  4953 | Temple   | 4953 ||| DROPPING amulet of guardian spirit.
  5018 | D:7      | Noticed a manticore
  5018 | D:7      | 5018 ||| Stepping ~*~*~tactically~*~*~ (retreating).
  5023 | D:7      | Killed a manticore
  5024 | D:7      | Reached skill level 12 in Ranged Weapons
  5268 | D:7      | Noticed Pikel
  5269 | D:7      | 5269 ||| RETREATING.
  5278 | D:7      | Killed Pikel
  5380 | D:7      | Noticed Joseph
  5383 | D:7      | 5383 ||| FLEEEEING.
  5389 | D:7      | 5389 ||| FLEEEEING.
  5390 | D:7      | 5390 ||| FLEEEEING.
  5391 | D:7      | 5391 ||| FLEEEEING.
  5392 | D:7      | 5392 ||| FLEEEEING.
  5393 | D:7      | 5393 ||| FLEEEEING.
  5394 | D:7      | 5394 ||| FLEEEEING.
  5395 | D:7      | 5395 ||| FLEEEEING.
  5396 | D:7      | 5396 ||| FLEEEEING.
  5402 | D:7      | 5402 ||| FLEEEEING.
  5403 | D:7      | 5403 ||| FLEEEEING.
  5404 | D:7      | 5404 ||| FLEEEEING.
  5406 | D:7      | 5406 ||| STAIRDANCE
  5476 | D:6      | 5476 ||| READING 3 scrolls of identify.
  5476 | D:6      | 5476 ||| IDENTIFYING red potion
  5510 | D:7      | Killed Joseph
  5510 | D:7      | Reached * piety under Okawaru
  5838 | D:7      | 5838 ||| UPGRADING to +0 helmet.
  5843 | D:7      | 5843 ||| READING scroll labelled NOZXEN SAUDICO.
  5844 | D:7      | 5844 ||| READING scroll labelled KOEBRE AWEGOO.
  5916 | D:8      | 5916 ||| Stepping ~*~*~tactically~*~*~ (outnumbered).
  5919 | D:8      | Reached skill level 1 in Invocations
  6007 | D:8      | Reached skill level 3 in Invocations
  6035 | D:8      | Reached ** piety under Okawaru
  6045 | D:8      | Reached XP level 11. HP: 69/69 MP: 14/14
  6079 | D:8      | Found a staircase to the Lair.
  6103 | D:8      | 6103 ||| Stepping ~*~*~tactically~*~*~ (outnumbered).
  6110 | D:8      | Reached skill level 9 in Fighting
  6111 | D:8      | 6111 ||| INVOKING Heroism.
  6120 | D:8      | 6120 ||| Stepping ~*~*~tactically~*~*~ (outnumbered).
  6200 | D:8      | 6200 ||| INVOKING Heroism.
  6215 | D:8      | Found a radiant altar of Vehumet.
  6261 | D:8      | Found Tyshre's Armour Boutique.
  6269 | D:8      | 6269 ||| BUYING +3 ring mail of poison resistance (322
                  | gold).
  6269 | D:8      | Bought a +3 ring mail of poison resistance for 322 gold
                  | pieces
  6586 | D:8      | 6586 ||| PLANNING LAIR
  6586 | D:8      | 6586 ||| DROPPING +2 robe of Tolait {rC- Str+3 Int+4
                  | Stlth+}.
  6587 | D:8      | 6587 ||| UPGRADING to +0 pair of gloves.
  6592 | D:8      | 6592 ||| UPGRADING to +3 ring mail of poison resistance.
  6602 | D:8      | 6602 ||| DROPPING +0 ring mail.
  6603 | D:8      | 6603 ||| UPGRADING to +5 ring of evasion.
  6604 | D:8      | 6604 ||| READING 3 scrolls of identify.
  6604 | D:8      | 6604 ||| IDENTIFYING lumpy sapphire potion
  6605 | D:8      | 6605 ||| DROPPING potion of invisibility.
  6637 | Lair:1   | Entered Level 1 of the Lair of Beasts
  6645 | Lair:1   | 6645 ||| RETREATING.
  6892 | Lair:1   | 6892 ||| RETREATING.
  6919 | Lair:1   | Reached *** piety under Okawaru
  7007 | Lair:1   | Reached skill level 6 in Armour
  7136 | Lair:1   | 7136 ||| INVOKING Heroism.
  7155 | Lair:1   | 7155 ||| INVOKING Heroism.
  7172 | Lair:1   | 7172 ||| RETREATING.
  7175 | Lair:1   | 7175 ||| INVOKING Heroism.
  7308 | Lair:1   | 7308 ||| Stepping ~*~*~tactically~*~*~ (retreating).
  7309 | Lair:1   | 7309 ||| Stepping ~*~*~tactically~*~*~ (retreating).
  7310 | Lair:1   | 7310 ||| Stepping ~*~*~tactically~*~*~ (retreating).
  7311 | Lair:1   | 7311 ||| Stepping ~*~*~tactically~*~*~ (retreating).
  7312 | Lair:1   | 7312 ||| Stepping ~*~*~tactically~*~*~ (retreating).
  7313 | Lair:1   | 7313 ||| Stepping ~*~*~tactically~*~*~ (retreating).
  7314 | Lair:1   | 7314 ||| Stepping ~*~*~tactically~*~*~ (retreating).
  7323 | Lair:1   | Reached skill level 10 in Fighting
  7515 | Lair:1   | 7515 ||| UPGRADING to scarf of resistance.
  7525 | Lair:1   | 7525 ||| DROPPING scarf of invisibility.
  7526 | Lair:1   | 7526 ||| READING scroll labelled JOIGOG JEL.
  7527 | Lair:1   | 7527 ||| READING scroll labelled XINWUX LOICUFE.
  7528 | Lair:1   | 7528 ||| READING 3 scrolls of identify.
  7528 | Lair:1   | 7528 ||| IDENTIFYING pink potion
  7529 | Lair:1   | 7529 ||| READING 2 scrolls of identify.
  7529 | Lair:1   | 7529 ||| IDENTIFYING sedimented puce potion
  7530 | Lair:1   | 7530 ||| DROPPING potion of berserk rage.
  7578 | Lair:2   | Noticed a six-headed hydra
  7579 | Lair:2   | 7579 ||| INVOKING Heroism.
  7587 | Lair:2   | Killed a six-headed hydra
  7647 | Lair:2   | 7647 ||| INVOKING Heroism.
  7663 | Lair:2   | Reached **** piety under Okawaru
  7664 | Lair:2   | Reached XP level 12. HP: 77/77 MP: 15/15
  7702 | Lair:2   | 7702 ||| RETREATING.
  7706 | Lair:2   | 7706 ||| Stepping ~*~*~tactically~*~*~ (retreating).
  7707 | Lair:2   | 7707 ||| Stepping ~*~*~tactically~*~*~ (retreating).
  7708 | Lair:2   | 7708 ||| Stepping ~*~*~tactically~*~*~ (retreating).
  7709 | Lair:2   | Noticed a skyshark
  7712 | Lair:2   | Reached skill level 15 in Ranged Weapons
  7726 | Lair:2   | 7726 ||| INVOKING Heroism.
  7736 | Lair:2   | Killed a skyshark
  7927 | Lair:2   | 7927 ||| INVOKING Heroism.
  8034 | Lair:2   | Found a dark tunnel.
  8135 | Lair:2   | 8135 ||| RETREATING.
  8136 | Lair:2   | 8136 ||| Stepping ~*~*~tactically~*~*~ (retreating).
  8137 | Lair:2   | 8137 ||| Stepping ~*~*~tactically~*~*~ (retreating).
  8160 | Lair:2   | 8160 ||| INVOKING Heroism.
  8264 | Lair:2   | 8264 ||| READING scroll of enchant armour.
  8264 | Lair:2   | 8264 ||| ENCHANTING +0 pair of gloves.
  8310 | Lair:2   | Reached skill level 6 in Invocations
  8556 | Lair:2   | 8556 ||| DROPPING +1 leather armour of willpower.
  8557 | Lair:2   | 8557 ||| UPGRADING to +6 ring of dexterity.
  8559 | Lair:2   | 8559 ||| DROPPING ring of ice.
  8560 | Lair:2   | 8560 ||| DROPPING ring of willpower.
  8561 | Lair:2   | 8561 ||| DROPPING ring of Intercession {Contam rElec Will++
                  | MP+9}.
  8562 | Lair:2   | 8562 ||| READING 2 scrolls of identify.
  8562 | Lair:2   | 8562 ||| IDENTIFYING glowing inky potion
  8563 | Lair:2   | 8563 ||| DROPPING potion of degeneration.
  8638 | Lair:3   | Noticed a catoblepas
  8639 | Lair:3   | 8639 ||| RETREATING.
  8648 | Lair:3   | 8648 ||| Stepping ~*~*~tactically~*~*~ (retreating).
  8653 | Lair:3   | 8653 ||| INVOKING Heroism.
  8660 | Lair:3   | Killed a catoblepas
  8728 | Lair:3   | 8728 ||| RETREATING.
  8754 | Lair:3   | 8754 ||| INVOKING Heroism.
  8900 | Lair:3   | Noticed a four-headed hydra
  8901 | Lair:3   | 8901 ||| INVOKING Heroism.
  8906 | Lair:3   | Killed a four-headed hydra
  8907 | Lair:3   | Reached skill level 6 in Dodging
  9018 | Lair:3   | 9018 ||| RETREATING.
  9020 | Lair:3   | 9020 ||| Stepping ~*~*~tactically~*~*~ (retreating).
  9021 | Lair:3   | 9021 ||| INVOKING Heroism.
  9031 | Lair:3   | 9031 ||| Stepping ~*~*~tactically~*~*~ (outnumbered).
  9036 | Lair:3   | 9036 ||| Stepping ~*~*~tactically~*~*~ (retreating).
  9055 | Lair:3   | Reached ***** piety under Okawaru
  9060 | Lair:3   | 9060 ||| Stepping ~*~*~tactically~*~*~ (water).
  9061 | Lair:3   | 9061 ||| INVOKING Heroism.
  9073 | Lair:3   | 9073 ||| DROPPING scarf of shadows.
  9076 | Lair:3   | 9076 ||| Stepping ~*~*~tactically~*~*~ (water).
  9077 | Lair:3   | 9077 ||| RETREATING.
  9079 | Lair:3   | 9079 ||| Stepping ~*~*~tactically~*~*~ (retreating).
  9144 | Lair:3   | Found a runed translucent gate.
  9144 | Lair:3   | Found a runed translucent gate.
  9144 | Lair:3   | Found a runed translucent gate.
  9206 | Lair:3   | Noticed qw's ghost (journeyman GrHu)
  9250 | Lair:3   | Found a hole to the Spider Nest.
  9252 | Lair:3   | 9252 ||| RETREATING.
  9255 | Lair:3   | 9255 ||| INVOKING Heroism.
  9258 | Lair:3   | 9258 ||| Stepping ~*~*~tactically~*~*~ (retreating).
  9259 | Lair:3   | 9259 ||| Stepping ~*~*~tactically~*~*~ (retreating).
  9260 | Lair:3   | 9260 ||| Stepping ~*~*~tactically~*~*~ (retreating).
  9385 | Lair:3   | Reached XP level 13. HP: 82/82 MP: 19/19
  9536 | Lair:3   | Reached skill level 9 in Invocations
  9538 | Lair:3   | 9538 ||| Stepping ~*~*~tactically~*~*~ (water).
  9540 | Lair:3   | 9540 ||| Stepping ~*~*~tactically~*~*~ (water).
  9544 | Lair:3   | 9544 ||| FLEEEEING.
  9634 | Lair:3   | Found a staircase to the Shoals.
  9790 | Lair:3   | 9790 ||| READING scroll labelled GULAER WANE.
  9791 | Lair:3   | 9791 ||| READING scroll labelled ZINATH YLOT.
  9792 | Lair:3   | 9792 ||| READING scroll labelled GIUL ENISMOI.
  9831 | Lair:4   | 9831 ||| INVOKING Heroism.
  9832 | Lair:4   | 9832 ||| RETREATING.
  9834 | Lair:4   | 9834 ||| Stepping ~*~*~tactically~*~*~ (retreating).
  9835 | Lair:4   | 9835 ||| Stepping ~*~*~tactically~*~*~ (retreating).
  9836 | Lair:4   | 9836 ||| Stepping ~*~*~tactically~*~*~ (retreating).
  9842 | Lair:4   | Received a gift from Okawaru
  9860 | Lair:4   | 9860 ||| INVOKING Heroism.
  9955 | Lair:4   | 9955 ||| RETREATING.
  9966 | Lair:4   | 9966 ||| RETREATING.
  9968 | Lair:4   | 9968 ||| Stepping ~*~*~tactically~*~*~ (retreating).
 10057 | Lair:4   | 10057 ||| FLEEEEING.
 10058 | Lair:4   | 10058 ||| INVOKING Heroism.
 10108 | Lair:4   | 10108 ||| INVOKING Heroism.
 10115 | Lair:4   | Reached skill level 11 in Fighting
 10328 | Lair:4   | 10328 ||| INVOKING Heroism.
 10362 | Lair:4   | Found a staircase to the Slime Pits.
 10625 | Lair:4   | 10625 ||| READING 3 scrolls of identify.
 10625 | Lair:4   | 10625 ||| IDENTIFYING blue potion
 10626 | Lair:4   | 10626 ||| DROPPING potion of ambrosia.
 10658 | Lair:5   | Entered Level 5 of the Lair of Beasts
 10659 | Lair:5   | 10659 ||| RETREATING.
 10660 | Lair:5   | 10660 ||| INVOKING Heroism.
 10661 | Lair:5   | 10661 ||| INVOKING Finesse.
 10759 | Lair:5   | 10759 ||| Stepping ~*~*~tactically~*~*~ (retreating).
 10764 | Lair:5   | 10764 ||| INVOKING Heroism.
 10896 | Lair:5   | 10896 ||| INVOKING Heroism.
 10899 | Lair:5   | 10899 ||| INVOKING Finesse.
 10910 | Lair:5   | Gained mutation: Your large and strong wings let you fly.
                  | [Gargoyle growth]
 10910 | Lair:5   | Reached XP level 14. HP: 85/90 MP: 14/21
 11001 | Lair:5   | 11001 ||| INVOKING Heroism.
 11007 | Lair:5   | Received a gift from Okawaru
 11040 | Lair:5   | Found a bloodstained altar of Trog.
 11041 | Lair:5   | 11041 ||| INVOKING Finesse.
 11117 | Lair:5   | 11117 ||| RETREATING.
 11120 | Lair:5   | 11120 ||| RETREATING.
 11125 | Lair:5   | 11125 ||| Stepping ~*~*~tactically~*~*~ (retreating).
 11126 | Lair:5   | 11126 ||| Stepping ~*~*~tactically~*~*~ (retreating).
 11127 | Lair:5   | 11127 ||| Stepping ~*~*~tactically~*~*~ (retreating).
 11128 | Lair:5   | 11128 ||| Stepping ~*~*~tactically~*~*~ (retreating).
 11139 | Lair:5   | 11139 ||| Stepping ~*~*~tactically~*~*~ (retreating).
 11157 | Lair:5   | Reached skill level 18 in Ranged Weapons
 11544 | Lair:5   | 11544 ||| INVOKING Heroism.
 11545 | Lair:5   | 11545 ||| INVOKING Finesse.
 11546 | Lair:5   | 11546 ||| INVOKING Finesse.
 11785 | Lair:5   | 11785 ||| PLANNING D:1-11
 11947 | D:9      | Reached skill level 12 in Fighting
 12172 | D:9      | 12172 ||| FLEEEEING.
 12203 | D:9      | Noticed Erolcha
 12204 | D:9      | 12204 ||| INVOKING Heroism.
 12205 | D:9      | 12205 ||| INVOKING Finesse.
 12211 | D:9      | Killed Erolcha
 12269 | D:9      | 12269 ||| Stepping ~*~*~tactically~*~*~ (outnumbered).
 12270 | D:9      | 12270 ||| Stepping ~*~*~tactically~*~*~ (outnumbered).
 12623 | D:9      | 12623 ||| READING 4 scrolls of identify.
 12623 | D:9      | 12623 ||| IDENTIFYING clear potion
 12632 | D:10     | Entered Level 10 of the Dungeon
 13010 | D:10     | Noticed Josephine
 13011 | D:10     | Received a gift from Okawaru
 13023 | D:10     | Killed Josephine
 13273 | D:10     | Found a runed translucent gate.
 13273 | D:10     | Found a runed translucent gate.
 13273 | D:10     | Found a runed translucent gate.
 13273 | D:10     | Noticed qw's ghost (journeyman GrHu)
 13275 | D:10     | Found a basalt altar of Yredelemnul.
 13313 | D:10     | Found Nimedug's Antique Armour Boutique.
 13321 | D:10     | 13321 ||| BUYING glowing ring mail (196 gold).
 13321 | D:10     | Bought a glowing ring mail for 196 gold pieces
 13321 | D:10     | 13321 ||| BUYING glowing robe (103 gold).
 13321 | D:10     | Bought a glowing robe for 103 gold pieces
 13321 | D:10     | 13321 ||| BUYING translucent leather armour (196 gold).
 13321 | D:10     | Bought a translucent leather armour for 196 gold pieces
 13321 | D:10     | Identified the +0 leather armour "Zatooxt" {rElec Regen+
                  | Str+2} (You bought it in a shop on level 10 of the Dungeon)
 13365 | D:10     | 13365 ||| UPGRADING to +4 ring mail.
 13375 | D:10     | 13375 ||| DROPPING +3 ring mail of poison resistance.
 13376 | D:10     | 13376 ||| DROPPING +2 robe of positive energy.
 13377 | D:10     | 13377 ||| DROPPING +0 leather armour "Zatooxt" {rElec
                  | Regen+ Str+2}.
 13541 | D:11     | Found a runed translucent door.
 13769 | D:11     | Noticed Harold
 13775 | D:11     | Killed Harold
 13802 | D:11     | 13802 ||| RETREATING.
 13804 | D:11     | 13804 ||| Stepping ~*~*~tactically~*~*~ (retreating).
 13805 | D:11     | 13805 ||| Stepping ~*~*~tactically~*~*~ (retreating).
 14019 | D:11     | 14019 ||| INVOKING Heroism.
 14020 | D:11     | 14020 ||| INVOKING Finesse.
 14163 | D:11     | 14163 ||| Stepping randomly (disturbance).
 14164 | D:11     | 14164 ||| Stepping randomly (disturbance).
 14179 | D:11     | 14179 ||| Stepping randomly (disturbance).
 14582 | D:11     | 14582 ||| PLANNING D
 14608 | D:12     | Found Pimnys's Armour Shop.
 14612 | D:12     | 14612 ||| SHOPLISTING +3 leather armour of Honesty {Dex+2}
                  | (451 gold, have 320).
 14756 | D:12     | Found a staircase to the Orcish Mines.
 14979 | D:12     | 14979 ||| INVOKING Heroism.
 14980 | D:12     | 14980 ||| INVOKING Finesse.
 15139 | D:13     | 15139 ||| INVOKING Heroism.
 15151 | D:13     | 15151 ||| Stepping ~*~*~tactically~*~*~ (retreating).
 15163 | D:13     | Reached XP level 15. HP: 85/97 MP: 22/22
 15171 | D:13     | Received a gift from Okawaru
 15231 | D:13     | 15231 ||| READING scroll of enchant armour.
 15231 | D:13     | 15231 ||| ENCHANTING +1 pair of gloves.
 15573 | D:13     | 15573 ||| Stepping randomly (disturbance).
 15574 | D:13     | 15574 ||| Stepping randomly (disturbance).
 15586 | D:13     | Reached skill level 13 in Fighting
 15757 | D:13     | 15757 ||| Stepping ~*~*~tactically~*~*~ (outnumbered).
 15793 | D:13     | 15793 ||| DROPPING +0 ring mail of cold resistance.
 15927 | D:14     | Noticed Snorg
 15932 | D:14     | 15932 ||| INVOKING Heroism.
 15940 | D:14     | Killed Snorg
 16139 | D:14     | 16139 ||| READING scroll of acquirement.
 16139 | D:14     | 16139 ||| ACQUIRING amulet of Vitality {RegenMP++ Regen++}
 16139 | D:14     | Acquired the amulet of Vitality {RegenMP++ Regen++}
 16139 | D:14     | Found the amulet of Vitality {RegenMP++ Regen++}
 16141 | D:14     | 16141 ||| UPGRADING to amulet of Vitality {RegenMP++
                  | Regen++}.
 16163 | D:14     | Found a gate to the Vaults.
 16164 | D:14     | 16164 ||| RETREATING.
 16167 | D:14     | 16167 ||| Stepping ~*~*~tactically~*~*~ (retreating).
 16168 | D:14     | 16168 ||| Stepping ~*~*~tactically~*~*~ (retreating).
 16169 | D:14     | 16169 ||| Stepping ~*~*~tactically~*~*~ (retreating).
 16178 | D:14     | 16178 ||| Stepping ~*~*~tactically~*~*~ (retreating).
 16179 | D:14     | 16179 ||| Stepping ~*~*~tactically~*~*~ (retreating).
 16180 | D:14     | 16180 ||| Stepping ~*~*~tactically~*~*~ (retreating).
 16216 | D:14     | Reached skill level 9 in Dodging
 16378 | D:14     | 16378 ||| INVOKING Heroism.
 16379 | D:14     | 16379 ||| INVOKING Finesse.
 16383 | D:14     | 16383 ||| Stepping ~*~*~tactically~*~*~ (retreating).
 16387 | D:14     | 16387 ||| Stepping ~*~*~tactically~*~*~ (retreating).
 16391 | D:14     | 16391 ||| RETREATING.
 16392 | D:14     | 16392 ||| Stepping ~*~*~tactically~*~*~ (retreating).
 16634 | D:15     | Entered Level 15 of the Dungeon
 16692 | D:15     | 16692 ||| READING scroll of enchant armour.
 16692 | D:15     | 16692 ||| ENCHANTING +0 helmet.
 16740 | D:15     | Identified the +0 ring mail of Slovenliness {-Cast rC+
                  | Str+2}
 16797 | D:15     | 16797 ||| INVOKING Heroism.
 16967 | D:15     | 16967 ||| INVOKING Heroism.
 16974 | D:15     | 16974 ||| RETREATING.
 17080 | D:15     | Found a runed translucent gate.
 17080 | D:15     | Found a runed translucent gate.
 17080 | D:15     | Noticed Uwkoecio's ghost (journeyman HOFi)
 17080 | D:15     | Noticed Giaff's ghost (journeyman DsGl)
 17081 | D:15     | Found a runed translucent gate.
 17081 | D:15     | Noticed Jussuw Iff's ghost (adept KoGl)
 17081 | D:15     | Noticed Xastuj's ghost (journeyman DDFi)
 17122 | D:15     | 17122 ||| INVOKING Heroism.
 17127 | D:15     | 17127 ||| Stepping ~*~*~tactically~*~*~ (outnumbered).
 17130 | D:15     | 17130 ||| Stepping ~*~*~tactically~*~*~ (outnumbered).
 17133 | D:15     | 17133 ||| Stepping ~*~*~tactically~*~*~ (outnumbered).
 17135 | D:15     | 17135 ||| Stepping ~*~*~tactically~*~*~ (outnumbered).
 17137 | D:15     | 17137 ||| Stepping ~*~*~tactically~*~*~ (retreating).
 17138 | D:15     | Paralysed by an orc sorcerer for 3 turns
 17337 | D:15     | 17337 ||| INVOKING Heroism.
 17342 | D:15     | 17342 ||| Stepping ~*~*~tactically~*~*~ (outnumbered).
 17354 | D:15     | Found a staircase to the Depths.
 17393 | D:15     | 17393 ||| Stepping ~*~*~tactically~*~*~ (outnumbered).
 17644 | D:15     | 17644 ||| PLANNING ORC
 17644 | D:15     | 17644 ||| DROPPING +0 ring mail of Slovenliness {-Cast rC+
                  | Str+2}.
 17645 | D:15     | 17645 ||| DROPPING +4 ring of protection.
 17731 | Orc:1    | Entered Level 1 of the Orcish Mines
 17731 | Orc:1    | Found Xopyuphe's General Store.
 17909 | Orc:2    | Entered Level 2 of the Orcish Mines
 17915 | Orc:2    | 17915 ||| Stepping ~*~*~tactically~*~*~ (outnumbered).
 17916 | Orc:2    | 17916 ||| Stepping ~*~*~tactically~*~*~ (outnumbered).
 17917 | Orc:2    | 17917 ||| Stepping ~*~*~tactically~*~*~ (outnumbered).
 17942 | Orc:1    | Identified the +0 chain mail of Ajisch {Str+4} (Okawaru
                  | gifted it to you on level 1 of the Orcish Mines)
 17942 | Orc:1    | Received a gift from Okawaru
 18100 | Orc:1    | 18100 ||| Stepping ~*~*~tactically~*~*~ (outnumbered).
 18105 | Orc:1    | 18105 ||| Stepping ~*~*~tactically~*~*~ (outnumbered).
 18109 | Orc:1    | 18109 ||| Stepping ~*~*~tactically~*~*~ (outnumbered).
 18198 | Orc:1    | 18198 ||| RETREATING.
 18200 | Orc:1    | 18200 ||| Stepping ~*~*~tactically~*~*~ (retreating).
 18201 | Orc:1    | 18201 ||| Stepping ~*~*~tactically~*~*~ (retreating).
 18202 | Orc:1    | 18202 ||| Stepping ~*~*~tactically~*~*~ (retreating).
 18203 | Orc:1    | 18203 ||| Stepping ~*~*~tactically~*~*~ (retreating).
 18204 | Orc:1    | 18204 ||| Stepping ~*~*~tactically~*~*~ (retreating).
 18205 | Orc:1    | 18205 ||| Stepping ~*~*~tactically~*~*~ (retreating).
 18209 | Orc:1    | 18209 ||| Stepping ~*~*~tactically~*~*~ (outnumbered).
 18214 | Orc:1    | 18214 ||| INVOKING Heroism.
 18322 | Orc:2    | 18322 ||| RETREATING.
 18326 | Orc:2    | 18326 ||| Stepping ~*~*~tactically~*~*~ (retreating).
 18331 | Orc:2    | 18331 ||| Stepping ~*~*~tactically~*~*~ (retreating).
 18346 | Orc:2    | 18346 ||| INVOKING Heroism.
 18359 | Orc:2    | 18359 ||| Stepping ~*~*~tactically~*~*~ (retreating).
 18360 | Orc:2    | 18360 ||| Stepping ~*~*~tactically~*~*~ (retreating).
 18368 | Orc:2    | Reached skill level 14 in Fighting
 18372 | Orc:2    | Reached XP level 16. HP: 99/106 MP: 23/23
 18386 | Orc:2    | 18386 ||| RETREATING.
 18411 | Orc:2    | Reached skill level 9 in Armour
 18433 | Orc:2    | 18433 ||| INVOKING Heroism.
 18465 | Orc:2    | Found Ruadwur's General Store.
 18465 | Orc:2    | Found Guoleim's Antique Armour Boutique.
 18466 | Orc:2    | Found Woteimm's Magic Scroll Boutique.
 18466 | Orc:2    | Found Ymorror's Distillery.
 18474 | Orc:2    | 18474 ||| BUYING potion of haste (120 gold).
 18474 | Orc:2    | Bought a potion of haste for 120 gold pieces
 18475 | Orc:2    | 18475 ||| BUYING bloodstained robe (193 gold).
 18475 | Orc:2    | Bought a bloodstained robe for 193 gold pieces
 18475 | Orc:2    | Identified the +2 robe "Uxalag" {rF+} (You bought it in a
                  | shop on level 2 of the Orcish Mines)
 18475 | Orc:2    | 18475 ||| BUYING crude ring mail (306 gold).
 18475 | Orc:2    | Bought a crude ring mail for 306 gold pieces
 18475 | Orc:2    | Identified the +1 ring mail of the Saviour {Str+4 Int+2}
                  | (You bought it in a shop on level 2 of the Orcish Mines)
 18475 | Orc:2    | 18475 ||| SHOPLISTING crude swamp dragon scales (1870 gold,
                  | have 601).
 18475 | Orc:2    | 18475 ||| BUYING dyed leather armour (170 gold).
 18475 | Orc:2    | Bought a dyed leather armour for 170 gold pieces
 18475 | Orc:2    | 18475 ||| BUYING embroidered hat (238 gold).
 18475 | Orc:2    | Bought an embroidered hat for 238 gold pieces
 18475 | Orc:2    | 18475 ||| BUYING ichor-stained robe (193 gold).
 18475 | Orc:2    | Bought an ichor-stained robe for 193 gold pieces
 18475 | Orc:2    | Identified the +2 robe of Astah {rPois Will+ rCorr} (You
                  | bought it in a shop on level 2 of the Orcish Mines)
 18475 | Orc:2    | 18475 ||| SHOPLISTING masterwork cloak (323 gold, have 0).
 18476 | Orc:2    | 18476 ||| SHOPLISTING 2 potions of curing (84 gold, have
                  | 0).
 18476 | Orc:2    | 18476 ||| SHOPLISTING potion of heal wounds (70 gold, have
                  | 0).
 18476 | Orc:2    | 18476 ||| SHOPLISTING potion of magic (112 gold, have 0).
 18476 | Orc:2    | 18476 ||| SHOPLISTING potion of might (56 gold, have 0).
 18476 | Orc:2    | 18476 ||| SHOPLISTING potion of mutation (112 gold, have
                  | 0).
 18477 | Orc:2    | 18477 ||| SHOPLISTING scroll of enchant armour (90 gold,
                  | have 0).
 18477 | Orc:2    | 18477 ||| SHOPLISTING scroll of teleportation (36 gold,
                  | have 0).
 18549 | Orc:2    | Found a staircase to the Elven Halls.
 18903 | Orc:2    | 18903 ||| PLANNING SPIDER:1-3
 18903 | Orc:2    | 18903 ||| DROPPING +1 ring mail of the Saviour {Str+4
                  | Int+2}.
 18904 | Orc:2    | 18904 ||| DROPPING +3 leather armour.
 18905 | Orc:2    | 18905 ||| DROPPING +1 hat.
 18906 | Orc:2    | 18906 ||| DROPPING +2 robe of Astah {rPois Will+ rCorr}.
 19086 | Spider:1 | Entered Level 1 of the Spider Nest
 19210 | Spider:1 | 19210 ||| INVOKING Heroism.
 19389 | Spider:1 | Noticed Asterion
 19390 | Spider:1 | 19390 ||| RETREATING.
 19392 | Spider:1 | 19392 ||| INVOKING Heroism.
 19396 | Spider:1 | 19396 ||| Stepping ~*~*~tactically~*~*~ (retreating).
 19397 | Spider:1 | 19397 ||| Stepping ~*~*~tactically~*~*~ (retreating).
 19408 | Spider:1 | 19408 ||| Stepping ~*~*~tactically~*~*~ (retreating).
 19409 | Spider:1 | 19409 ||| Stepping ~*~*~tactically~*~*~ (retreating).
 19410 | Spider:1 | 19410 ||| Stepping ~*~*~tactically~*~*~ (retreating).
 19411 | Spider:1 | 19411 ||| Stepping ~*~*~tactically~*~*~ (retreating).
 19415 | Spider:1 | Reached skill level 15 in Fighting
 19416 | Spider:1 | 19416 ||| Stepping ~*~*~tactically~*~*~ (outnumbered).
 19434 | Spider:1 | Killed Asterion
 19645 | Spider:1 | 19645 ||| RETREATING.
 19702 | Spider:1 | Noticed Roxanne
 19703 | Spider:1 | 19703 ||| INVOKING Heroism.
 19704 | Spider:1 | 19704 ||| INVOKING Finesse.
 19719 | Spider:1 | Killed Roxanne
 19771 | Spider:1 | 19771 ||| Stepping ~*~*~tactically~*~*~ (retreating).
 19775 | Spider:1 | 19775 ||| INVOKING Heroism.
 20071 | Spider:2 | 20071 ||| INVOKING Heroism.
 20104 | Spider:2 | Noticed Donald
 20105 | Spider:2 | 20105 ||| INVOKING Finesse.
 20115 | Spider:2 | Killed Donald
 20116 | Spider:2 | Reached skill level 16 in Fighting
 20162 | Spider:2 | 20162 ||| INVOKING Heroism.
 20282 | Spider:2 | 20282 ||| FLEEEEING.
 20283 | Spider:2 | 20283 ||| FLEEEEING.
 20284 | Spider:2 | 20284 ||| FLEEEEING.
 20285 | Spider:2 | 20285 ||| FLEEEEING.
 20286 | Spider:2 | 20286 ||| FLEEEEING.
 20287 | Spider:2 | 20287 ||| FLEEEEING.
 20288 | Spider:2 | 20288 ||| FLEEEEING.
 20306 | Spider:2 | 20306 ||| INVOKING Heroism.
 20310 | Spider:2 | Identified the +8 longbow "Fuxtyit" {speed, Dex+2} (Okawaru
                  | gifted it to you on level 2 of the Spider Nest)
 20310 | Spider:2 | Received a gift from Okawaru
 20364 | Spider:2 | 20364 ||| SWAPPING to +8 longbow "Fuxtyit" {speed, Dex+2}.
 20597 | Spider:2 | 20597 ||| RETREATING.
 20605 | Spider:2 | 20605 ||| INVOKING Finesse.
 20612 | Spider:2 | 20612 ||| INVOKING Heroism.
 20956 | Spider:3 | 20956 ||| INVOKING Heroism.
 20963 | Spider:3 | Reached XP level 17. HP: 115/115 MP: 24/24
 20969 | Spider:3 | 20969 ||| Stepping ~*~*~tactically~*~*~ (retreating).
 21047 | Spider:3 | 21047 ||| INVOKING Heroism.
 21052 | Spider:3 | 21052 ||| RETREATING.
 21056 | Spider:3 | 21056 ||| Stepping ~*~*~tactically~*~*~ (retreating).
 21057 | Spider:3 | 21057 ||| Stepping ~*~*~tactically~*~*~ (retreating).
 21058 | Spider:3 | 21058 ||| Stepping ~*~*~tactically~*~*~ (retreating).
 21059 | Spider:3 | 21059 ||| Stepping ~*~*~tactically~*~*~ (retreating).
 21060 | Spider:3 | 21060 ||| Stepping ~*~*~tactically~*~*~ (retreating).
 21061 | Spider:3 | 21061 ||| Stepping ~*~*~tactically~*~*~ (retreating).
 21064 | Spider:3 | 21064 ||| Stepping ~*~*~tactically~*~*~ (retreating).
 21065 | Spider:3 | 21065 ||| Stepping ~*~*~tactically~*~*~ (retreating).
 21066 | Spider:3 | 21066 ||| Stepping ~*~*~tactically~*~*~ (retreating).
 21067 | Spider:3 | 21067 ||| Stepping ~*~*~tactically~*~*~ (retreating).
 21068 | Spider:3 | 21068 ||| Stepping ~*~*~tactically~*~*~ (retreating).
 21069 | Spider:3 | 21069 ||| Stepping ~*~*~tactically~*~*~ (retreating).
 21073 | Spider:3 | 21073 ||| Stepping ~*~*~tactically~*~*~ (outnumbered).
 21080 | Spider:3 | 21080 ||| Stepping ~*~*~tactically~*~*~ (outnumbered).
 21101 | Spider:3 | 21101 ||| Stepping ~*~*~tactically~*~*~ (cloud).
 21103 | Spider:3 | 21103 ||| Stepping ~*~*~tactically~*~*~ (cloud).
 21185 | Spider:3 | 21185 ||| INVOKING Heroism.
 21187 | Spider:3 | 21187 ||| RETREATING.
 21191 | Spider:3 | 21191 ||| Stepping ~*~*~tactically~*~*~ (retreating).
 21198 | Spider:3 | Noticed Jorgrun
 21202 | Spider:3 | 21202 ||| Stepping ~*~*~tactically~*~*~ (retreating).
 21210 | Spider:3 | 21210 ||| Stepping ~*~*~tactically~*~*~ (retreating).
 21211 | Spider:3 | 21211 ||| Stepping ~*~*~tactically~*~*~ (retreating).
 21218 | Spider:3 | Killed Jorgrun
 21291 | Spider:3 | 21291 ||| Stepping ~*~*~tactically~*~*~ (retreating).
 21350 | Spider:3 | 21350 ||| INVOKING Heroism.
 21356 | Spider:3 | Reached skill level 17 in Fighting
 21396 | Spider:3 | 21396 ||| INVOKING Heroism.
 21744 | Spider:3 | 21744 ||| INVOKING Heroism.
 21908 | Spider:3 | 21908 ||| PLANNING SHOALS:1-3
 22035 | Shoals:1 | Entered Level 1 of the Shoals
 22137 | Shoals:1 | Found Inoneabe's Antique Weapon Boutique.
 22221 | Shoals:1 | 22221 ||| RETREATING.
 22223 | Shoals:1 | 22223 ||| Stepping ~*~*~tactically~*~*~ (retreating).
 22255 | Shoals:1 | 22255 ||| INVOKING Heroism.
 22262 | Shoals:1 | Reached skill level 18 in Fighting
 22346 | Shoals:1 | 22346 ||| INVOKING Heroism.
 22819 | Shoals:1 | 22819 ||| DROPPING +1 cloak.
 22820 | Shoals:1 | 22820 ||| DROPPING +1 ring mail of positive energy.
 22821 | Shoals:1 | 22821 ||| READING 13 scrolls of identify.
 22821 | Shoals:1 | 22821 ||| IDENTIFYING bubbling orange potion
 22840 | Shoals:2 | 22840 ||| STAIRDANCE
 22892 | Shoals:2 | 22892 ||| INVOKING Heroism.
 22903 | Shoals:2 | 22903 ||| Stepping ~*~*~tactically~*~*~ (outnumbered).
 22905 | Shoals:2 | 22905 ||| Stepping ~*~*~tactically~*~*~ (outnumbered).
 22907 | Shoals:2 | 22907 ||| Stepping ~*~*~tactically~*~*~ (outnumbered).
 22909 | Shoals:2 | 22909 ||| Stepping ~*~*~tactically~*~*~ (outnumbered).
 22912 | Shoals:2 | 22912 ||| Stepping ~*~*~tactically~*~*~ (outnumbered).
 22955 | Shoals:2 | Noticed a kraken
 22967 | Shoals:2 | Killed a kraken
 23087 | Shoals:2 | 23087 ||| INVOKING Heroism.
 23129 | Shoals:2 | 23129 ||| Stepping ~*~*~tactically~*~*~ (outnumbered).
 23130 | Shoals:2 | 23130 ||| Stepping ~*~*~tactically~*~*~ (outnumbered).
 23131 | Shoals:2 | 23131 ||| Stepping ~*~*~tactically~*~*~ (outnumbered).
 23132 | Shoals:2 | 23132 ||| Stepping ~*~*~tactically~*~*~ (outnumbered).
 23135 | Shoals:2 | 23135 ||| RETREATING.
 23137 | Shoals:2 | 23137 ||| Stepping ~*~*~tactically~*~*~ (retreating).
 23138 | Shoals:2 | 23138 ||| Stepping ~*~*~tactically~*~*~ (retreating).
 23156 | Shoals:2 | 23156 ||| Stepping ~*~*~tactically~*~*~ (retreating).
 23157 | Shoals:2 | 23157 ||| Stepping ~*~*~tactically~*~*~ (retreating).
 23158 | Shoals:2 | 23158 ||| Stepping ~*~*~tactically~*~*~ (retreating).
 23162 | Shoals:2 | Received a gift from Okawaru
 23165 | Shoals:2 | 23165 ||| Stepping ~*~*~tactically~*~*~ (retreating).
 23216 | Shoals:2 | 23216 ||| INVOKING Heroism.
 23336 | Shoals:2 | Reached skill level 12 in Dodging
 23360 | Shoals:2 | 23360 ||| Stepping ~*~*~tactically~*~*~ (outnumbered).
 23363 | Shoals:2 | 23363 ||| RETREATING.
 23370 | Shoals:2 | 23370 ||| Stepping ~*~*~tactically~*~*~ (outnumbered).
 23451 | Shoals:2 | 23451 ||| INVOKING Heroism.
 23452 | Shoals:2 | 23452 ||| INVOKING Finesse.
 23552 | Shoals:2 | Reached XP level 18. HP: 107/126 MP: 25/25
 23610 | Shoals:2 | 23610 ||| INVOKING Heroism.
 23694 | Shoals:2 | Found Nesaz's General Store.
 23707 | Shoals:2 | 23707 ||| INVOKING Heroism.
 23713 | Shoals:2 | 23713 ||| BUYING scroll of teleportation (36 gold).
 23713 | Shoals:2 | Bought a scroll of teleportation for 36 gold pieces
 23819 | Shoals:2 | 23819 ||| DROPPING ring of resist corrosion.
 23878 | Shoals:3 | 23878 ||| Stepping ~*~*~tactically~*~*~ (outnumbered).
 24053 | Shoals:3 | 24053 ||| Stepping ~*~*~tactically~*~*~ (outnumbered).
 24054 | Shoals:3 | 24054 ||| Stepping ~*~*~tactically~*~*~ (outnumbered).
 24055 | Shoals:3 | 24055 ||| Stepping ~*~*~tactically~*~*~ (outnumbered).
 24074 | Shoals:3 | 24074 ||| FLEEEEING.
 24075 | Shoals:3 | 24075 ||| FLEEEEING.
 24105 | Shoals:3 | 24105 ||| INVOKING Heroism.
 24109 | Shoals:3 | Reached skill level 19 in Fighting
 24118 | Shoals:3 | 24118 ||| INVOKING Finesse.
 24119 | Shoals:3 | 24119 ||| INVOKING Finesse.
 24126 | Shoals:3 | 24126 ||| Stepping ~*~*~tactically~*~*~ (outnumbered).
 24263 | Shoals:3 | 24263 ||| INVOKING Heroism.
 24318 | Shoals:3 | Reached skill level 12 in Armour
 24628 | Shoals:3 | 24628 ||| INVOKING Heroism.
 24692 | Shoals:3 | 24692 ||| PLANNING SPIDER:4
 24692 | Shoals:3 | 24692 ||| DROPPING +2 pair of gloves.
 24890 | Spider:4 | Entered Level 4 of the Spider Nest
 24893 | Spider:4 | 24893 ||| STAIRDANCE
 24901 | Spider:4 | 24901 ||| STAIRDANCE
 24905 | Spider:4 | 24905 ||| STAIRDANCE
 24914 | Spider:4 | 24914 ||| STAIRDANCE
 24935 | Spider:4 | 24935 ||| STAIRDANCE
 24941 | Spider:4 | 24941 ||| STAIRDANCE
 24951 | Spider:4 | 24951 ||| STAIRDANCE
 24962 | Spider:4 | 24962 ||| STAIRDANCE
 25136 | Spider:4 | Identified the -2 pair of gloves of a bailey {rElec rF+
                  | Will+ Str-3 SInv}
 25140 | Spider:4 | Identified the +1 robe of the Present {+Inv rPois}
 25174 | Spider:4 | 25174 ||| RETREATING.
 25183 | Spider:4 | 25183 ||| Stepping ~*~*~tactically~*~*~ (retreating).
 25184 | Spider:4 | 25184 ||| Stepping ~*~*~tactically~*~*~ (retreating).
 25185 | Spider:4 | 25185 ||| Stepping ~*~*~tactically~*~*~ (retreating).
 25186 | Spider:4 | 25186 ||| Stepping ~*~*~tactically~*~*~ (retreating).
 25188 | Spider:4 | 25188 ||| Stepping ~*~*~tactically~*~*~ (retreating).
 25189 | Spider:4 | 25189 ||| Stepping ~*~*~tactically~*~*~ (retreating).
 25190 | Spider:4 | 25190 ||| Stepping ~*~*~tactically~*~*~ (retreating).
 25191 | Spider:4 | 25191 ||| Stepping ~*~*~tactically~*~*~ (retreating).
 25192 | Spider:4 | 25192 ||| Stepping ~*~*~tactically~*~*~ (retreating).
 25194 | Spider:4 | 25194 ||| Stepping ~*~*~tactically~*~*~ (retreating).
 25200 | Spider:4 | Identified the +16 crystal plate armour "Epian" {rC- Str+4
                  | SInv} (Okawaru gifted it to you on level 4 of the Spider
                  | Nest)
 25200 | Spider:4 | Received a gift from Okawaru
 25244 | Spider:4 | 25244 ||| INVOKING Heroism.
 25246 | Spider:4 | 25246 ||| Stepping ~*~*~tactically~*~*~ (retreating).
 25292 | Spider:4 | 25292 ||| INVOKING Finesse.
 25296 | Spider:4 | 25296 ||| RETREATING.
 25380 | Spider:4 | 25380 ||| Stepping ~*~*~tactically~*~*~ (outnumbered).
 25579 | Spider:4 | 25579 ||| RETREATING.
 25610 | Spider:4 | 25610 ||| INVOKING Heroism.
 25612 | Spider:4 | 25612 ||| Stepping ~*~*~tactically~*~*~ (retreating).
 25613 | Spider:4 | 25613 ||| Stepping ~*~*~tactically~*~*~ (retreating).
 25635 | Spider:4 | 25635 ||| Stepping ~*~*~tactically~*~*~ (retreating).
 25636 | Spider:4 | 25636 ||| Stepping ~*~*~tactically~*~*~ (retreating).
 25685 | Spider:4 | 25685 ||| FLEEEEING.
 25686 | Spider:4 | 25686 ||| FLEEEEING.
 25688 | Spider:4 | 25688 ||| FLEEEEING.
 25689 | Spider:4 | 25689 ||| FLEEEEING.
 25736 | Spider:4 | Got a gossamer rune of Zot
 25812 | Spider:4 | 25812 ||| PLANNING VAULTS:1-4
 25812 | Spider:4 | 25812 ||| UPGRADING to -2 pair of gloves of a bailey {rElec
                  | rF+ Will+ Str-3 SInv}.
 25822 | Spider:4 | 25822 ||| DROPPING +1 robe of the Present {+Inv rPois}.
 25823 | Spider:4 | 25823 ||| DROPPING -2 hat.
 25824 | Spider:4 | 25824 ||| DROPPING +0 pair of boots of stealth.
 25825 | Spider:4 | 25825 ||| DROPPING +1 hat of stealth.
 26147 | Vaults:1 | Entered Level 1 of the Vaults
 26170 | Vaults:1 | Found Esuph's Weapon Shop.
 26218 | Vaults:1 | 26218 ||| RETREATING.
 26246 | Vaults:1 | Reached skill level 20 in Fighting
 26335 | Vaults:1 | 26335 ||| RETREATING.
 26357 | Vaults:1 | Reached XP level 19. HP: 131/136 MP: 26/26
 26419 | Vaults:1 | Found Vedic's Book Shop.
 26509 | Vaults:1 | 26509 ||| RETREATING.
 26542 | Vaults:1 | Reached skill level 21 in Fighting
 26637 | Vaults:1 | 26637 ||| FLEEEEING.
 26638 | Vaults:1 | 26638 ||| FLEEEEING.
 26639 | Vaults:1 | 26639 ||| FLEEEEING.
 26643 | Vaults:1 | 26643 ||| FLEEEEING.
 26648 | Vaults:1 | 26648 ||| FLEEEEING.
 26653 | Vaults:1 | 26653 ||| FLEEEEING.
 26654 | Vaults:1 | 26654 ||| FLEEEEING.
 26655 | Vaults:1 | 26655 ||| FLEEEEING.
 26656 | Vaults:1 | 26656 ||| FLEEEEING.
 26657 | Vaults:1 | 26657 ||| FLEEEEING.
 26658 | Vaults:1 | 26658 ||| FLEEEEING.
 26659 | Vaults:1 | 26659 ||| FLEEEEING.
 26660 | Vaults:1 | 26660 ||| FLEEEEING.
 26661 | Vaults:1 | 26661 ||| FLEEEEING.
 26955 | Vaults:1 | Found Vioqy's Antique Weapon Boutique.
 27251 | Vaults:1 | 27251 ||| INVOKING Heroism.
 27310 | Vaults:1 | 27310 ||| Stepping ~*~*~tactically~*~*~ (outnumbered).
 27315 | Vaults:1 | 27315 ||| Stepping ~*~*~tactically~*~*~ (outnumbered).
 27339 | Vaults:1 | Received a gift from Okawaru
 27374 | Vaults:1 | 27374 ||| Stepping ~*~*~tactically~*~*~ (outnumbered).
 27446 | Vaults:1 | Found Uderikluda's Distillery.
 27454 | Vaults:1 | 27454 ||| BUYING potion of cancellation (120 gold).
 27454 | Vaults:1 | Bought a potion of cancellation for 120 gold pieces
 27454 | Vaults:1 | 27454 ||| BUYING potion of curing (45 gold).
 27454 | Vaults:1 | Bought a potion of curing for 45 gold pieces
 27454 | Vaults:1 | 27454 ||| BUYING potion of curing (45 gold).
 27454 | Vaults:1 | Bought a potion of curing for 45 gold pieces
 27454 | Vaults:1 | 27454 ||| BUYING potion of heal wounds (75 gold).
 27454 | Vaults:1 | Bought a potion of heal wounds for 75 gold pieces
 27454 | Vaults:1 | 27454 ||| BUYING potion of might (60 gold).
 27454 | Vaults:1 | Bought a potion of might for 60 gold pieces
 27545 | Vaults:1 | Found Koigyan's Antique Weapon Boutique.
 27925 | Vaults:2 | 27925 ||| Stepping ~*~*~tactically~*~*~ (outnumbered).
 27928 | Vaults:2 | 27928 ||| Stepping ~*~*~tactically~*~*~ (outnumbered).
 27946 | Vaults:2 | 27946 ||| RETREATING.
 28002 | Vaults:2 | 28002 ||| Stepping ~*~*~tactically~*~*~ (outnumbered).
 28004 | Vaults:2 | 28004 ||| Stepping ~*~*~tactically~*~*~ (outnumbered).
 28006 | Vaults:2 | 28006 ||| Stepping ~*~*~tactically~*~*~ (outnumbered).
 28008 | Vaults:2 | 28008 ||| Stepping ~*~*~tactically~*~*~ (outnumbered).
 28108 | Vaults:2 | You are sucked into a shaft and drop 2 floors!
 28163 | Vaults:4 | Noticed Mennas
 28164 | Vaults:4 | 28164 ||| INVOKING Heroism.
 28165 | Vaults:4 | 28165 ||| INVOKING Finesse.
 28199 | Vaults:4 | Killed Mennas
 28209 | Vaults:4 | 28209 ||| RETREATING.
 28218 | Vaults:4 | 28218 ||| INVOKING Heroism.
 28386 | Vaults:4 | Found Dihim's Antique Armour Shop.
 28618 | Vaults:4 | 28618 ||| Stepping ~*~*~tactically~*~*~ (outnumbered).
 28620 | Vaults:4 | 28620 ||| Stepping ~*~*~tactically~*~*~ (outnumbered).
 28621 | Vaults:4 | 28621 ||| Stepping ~*~*~tactically~*~*~ (outnumbered).
 28625 | Vaults:4 | Reached skill level 22 in Fighting
 28631 | Vaults:4 | 28631 ||| Stepping ~*~*~tactically~*~*~ (outnumbered).
 28819 | Vaults:3 | Received a gift from Okawaru
 28840 | Vaults:3 | Reached XP level 20. HP: 145/145 MP: 27/27
 28856 | Vaults:3 | 28856 ||| INVOKING Finesse.
 28914 | Vaults:3 | 28914 ||| RETREATING.
 28921 | Vaults:3 | Noticed Boris
 28922 | Vaults:3 | 28922 ||| RETREATING.
 28924 | Vaults:3 | 28924 ||| Stepping ~*~*~tactically~*~*~ (retreating).
 28925 | Vaults:3 | 28925 ||| INVOKING Heroism.
 28926 | Vaults:3 | 28926 ||| INVOKING Finesse.
 28938 | Vaults:3 | Killed Boris
 29136 | Vaults:3 | 29136 ||| DROPPING +2 robe "Uxalag" {rF+}.
 29333 | Vaults:2 | 29333 ||| RETREATING.
 29343 | Vaults:2 | 29343 ||| Stepping ~*~*~tactically~*~*~ (retreating).
 29391 | Vaults:2 | Identified the +0 pair of gloves "Pysegilu" {rF+ Will+
                  | rCorr Int+3} (Okawaru gifted it to you on level 2 of the
                  | Vaults)
 29391 | Vaults:2 | Received a gift from Okawaru
 29397 | Vaults:2 | 29397 ||| Stepping ~*~*~tactically~*~*~ (outnumbered).
 29410 | Vaults:2 | 29410 ||| FLEEEEING.
 29411 | Vaults:2 | 29411 ||| FLEEEEING.
 29412 | Vaults:2 | 29412 ||| FLEEEEING.
 29418 | Vaults:2 | 29418 ||| FLEEEEING.
 29419 | Vaults:2 | 29419 ||| FLEEEEING.
 29420 | Vaults:2 | 29420 ||| FLEEEEING.
 29421 | Vaults:2 | 29421 ||| FLEEEEING.
 29428 | Vaults:2 | 29428 ||| FLEEEEING.
 29429 | Vaults:2 | 29429 ||| FLEEEEING.
 29430 | Vaults:2 | 29430 ||| FLEEEEING.
 29431 | Vaults:2 | 29431 ||| FLEEEEING.
 29432 | Vaults:2 | 29432 ||| FLEEEEING.
 29433 | Vaults:2 | 29433 ||| FLEEEEING.
 29440 | Vaults:2 | 29440 ||| FLEEEEING.
 29441 | Vaults:2 | 29441 ||| FLEEEEING.
 29452 | Vaults:2 | 29452 ||| FLEEEEING.
 29453 | Vaults:2 | 29453 ||| FLEEEEING.
 29454 | Vaults:2 | 29454 ||| FLEEEEING.
 29455 | Vaults:2 | 29455 ||| FLEEEEING.
 29456 | Vaults:2 | 29456 ||| FLEEEEING.
 29497 | Vaults:2 | 29497 ||| INVOKING Finesse.
 29512 | Vaults:2 | Reached skill level 15 in Dodging
 29527 | Vaults:2 | 29527 ||| Stepping ~*~*~tactically~*~*~ (outnumbered).
 29528 | Vaults:2 | 29528 ||| Stepping ~*~*~tactically~*~*~ (outnumbered).
 29529 | Vaults:2 | 29529 ||| Stepping ~*~*~tactically~*~*~ (outnumbered).
 29532 | Vaults:2 | 29532 ||| INVOKING Heroism.
 29638 | Vaults:2 | 29638 ||| RETREATING.
 29781 | Vaults:2 | 29781 ||| Stepping ~*~*~tactically~*~*~ (outnumbered).
 29858 | Vaults:2 | 29858 ||| RETREATING.
 29899 | Vaults:2 | Found a runed translucent door.
 29899 | Vaults:2 | Noticed qw's ghost (adept GrHu)
 29946 | Vaults:2 | 29946 ||| READING scroll of enchant armour.
 29946 | Vaults:2 | 29946 ||| ENCHANTING +1 helmet.
 30142 | Vaults:2 | 30142 ||| RETREATING.
 30151 | Vaults:2 | 30151 ||| Stepping ~*~*~tactically~*~*~ (retreating).
 30152 | Vaults:2 | 30152 ||| Stepping ~*~*~tactically~*~*~ (retreating).
 30153 | Vaults:2 | 30153 ||| Stepping ~*~*~tactically~*~*~ (retreating).
 30154 | Vaults:2 | 30154 ||| Stepping ~*~*~tactically~*~*~ (retreating).
 30155 | Vaults:2 | 30155 ||| Stepping ~*~*~tactically~*~*~ (retreating).
 30156 | Vaults:2 | 30156 ||| Stepping ~*~*~tactically~*~*~ (retreating).
 30161 | Vaults:2 | 30161 ||| Stepping ~*~*~tactically~*~*~ (retreating).
 30162 | Vaults:2 | 30162 ||| Stepping ~*~*~tactically~*~*~ (retreating).
 30163 | Vaults:2 | 30163 ||| Stepping ~*~*~tactically~*~*~ (retreating).
 30164 | Vaults:2 | 30164 ||| Stepping ~*~*~tactically~*~*~ (retreating).
 30191 | Vaults:2 | 30191 ||| INVOKING Heroism.
 30344 | Vaults:2 | Found a staircase to the Crypt.
 30390 | Vaults:2 | 30390 ||| DROPPING +2 helmet.
 30496 | Vaults:3 | 30496 ||| Stepping ~*~*~tactically~*~*~ (outnumbered).
 30515 | Vaults:3 | Reached skill level 23 in Fighting
 30584 | Vaults:3 | Identified the +0 plate armour "Noamat" {SInv}
 30650 | Vaults:3 | 30650 ||| Stepping ~*~*~tactically~*~*~ (outnumbered).
 30652 | Vaults:3 | 30652 ||| Stepping ~*~*~tactically~*~*~ (outnumbered).
 30653 | Vaults:3 | 30653 ||| Stepping ~*~*~tactically~*~*~ (outnumbered).
 30655 | Vaults:3 | 30655 ||| Stepping ~*~*~tactically~*~*~ (outnumbered).
 30657 | Vaults:3 | 30657 ||| Stepping ~*~*~tactically~*~*~ (outnumbered).
 30669 | Vaults:3 | 30669 ||| INVOKING Heroism.
 30806 | Vaults:3 | Found Dothupno's General Store.
 30811 | Vaults:3 | 30811 ||| BUYING potion of curing (54 gold).
 30811 | Vaults:3 | Bought a potion of curing for 54 gold pieces
 30853 | Vaults:3 | 30853 ||| INVOKING Finesse.
 31160 | Vaults:4 | 31160 ||| INVOKING Heroism.
 31161 | Vaults:4 | 31161 ||| INVOKING Finesse.
 31167 | Vaults:4 | 31167 ||| Stepping ~*~*~tactically~*~*~ (retreating).
 31168 | Vaults:4 | 31168 ||| Stepping ~*~*~tactically~*~*~ (retreating).
 31261 | Vaults:4 | 31261 ||| Stepping ~*~*~tactically~*~*~ (retreating).
 31315 | Vaults:4 | 31315 ||| RETREATING.
 31356 | Vaults:4 | Reached XP level 21. HP: 155/155 MP: 28/28
 31450 | Vaults:4 | 31450 ||| FLEEEEING.
 31453 | Vaults:4 | 31453 ||| FLEEEEING.
 31475 | Vaults:4 | 31475 ||| FLEEEEING.
 31476 | Vaults:4 | 31476 ||| FLEEEEING.
 31477 | Vaults:4 | 31477 ||| FLEEEEING.
 31478 | Vaults:4 | 31478 ||| FLEEEEING.
 31479 | Vaults:4 | 31479 ||| FLEEEEING.
 31480 | Vaults:4 | 31480 ||| FLEEEEING.
 31481 | Vaults:4 | 31481 ||| FLEEEEING.
 31483 | Vaults:4 | 31483 ||| FLEEEEING.
 31484 | Vaults:4 | 31484 ||| STAIRDANCE
 31765 | Vaults:4 | 31765 ||| PLANNING SHOALS:4
 32157 | Shoals:4 | Entered Level 4 of the Shoals
 32257 | Shoals:4 | 32257 ||| Stepping ~*~*~tactically~*~*~ (retreating).
 32267 | Shoals:4 | 32267 ||| INVOKING Heroism.
 32270 | Shoals:4 | 32270 ||| Stepping ~*~*~tactically~*~*~ (outnumbered).
 32271 | Shoals:4 | 32271 ||| Stepping ~*~*~tactically~*~*~ (retreating).
 32286 | Shoals:4 | Reached ****** piety under Okawaru
 32364 | Shoals:4 | Got a barnacled rune of Zot
 32558 | Shoals:4 | Identified the orb of Qybb {light, rF+ Will+} (Okawaru
                  | gifted it to you on level 4 of the Shoals)
 32558 | Shoals:4 | Received a gift from Okawaru
 32582 | Shoals:4 | Identified the +0 barding of the Turtle {+Inv Fly rF+}
 32599 | Shoals:4 | Identified the +8 rapier "Huruess" {pain, *Noise rN+ Str+4
                  | Dex+2}
 32610 | Shoals:4 | 32610 ||| Stepping ~*~*~tactically~*~*~ (outnumbered).
 32654 | Shoals:4 | Identified the ring of Hiebulum {rN+ SInv}
 32797 | Shoals:4 | 32797 ||| Stepping ~*~*~tactically~*~*~ (outnumbered).
 32804 | Shoals:4 | 32804 ||| INVOKING Heroism.
 32805 | Shoals:4 | 32805 ||| INVOKING Finesse.
 32813 | Shoals:4 | 32813 ||| Stepping ~*~*~tactically~*~*~ (retreating).
 32815 | Shoals:4 | 32815 ||| Stepping ~*~*~tactically~*~*~ (outnumbered).
 32816 | Shoals:4 | 32816 ||| Stepping ~*~*~tactically~*~*~ (retreating).
 32817 | Shoals:4 | 32817 ||| Stepping ~*~*~tactically~*~*~ (retreating).
 32819 | Shoals:4 | 32819 ||| Stepping ~*~*~tactically~*~*~ (outnumbered).
 32829 | Shoals:4 | 32829 ||| Stepping ~*~*~tactically~*~*~ (retreating).
 32840 | Shoals:4 | 32840 ||| Stepping ~*~*~tactically~*~*~ (retreating).
 32841 | Shoals:4 | 32841 ||| Stepping ~*~*~tactically~*~*~ (retreating).
 32842 | Shoals:4 | 32842 ||| Stepping ~*~*~tactically~*~*~ (outnumbered).
 32862 | Shoals:4 | Reached skill level 24 in Fighting
 33071 | Shoals:4 | 33071 ||| PLANNING DEPTHS
 33071 | Shoals:4 | 33071 ||| DROPPING +6 ring of intelligence.
 33072 | Shoals:4 | 33072 ||| DROPPING ring of Hiebulum {rN+ SInv}.
 33377 | Depths:1 | Entered Level 1 of the Depths
 33378 | Depths:1 | 33378 ||| PLANNING WIZLAB
 33378 | Depths:1 | 33378 ||| INVOKING Heroism.
 33387 | Depths:1 | Found a magical portal.
 33394 | Depths:1 | Found a gateway to Hell.
 33400 | Depths:1 | 33400 ||| RETREATING.
 33401 | Depths:1 | 33401 ||| Stepping ~*~*~tactically~*~*~ (outnumbered).
 33403 | Depths:1 | 33403 ||| Stepping ~*~*~tactically~*~*~ (outnumbered).
 33404 | Depths:1 | 33404 ||| RETREATING.
 33412 | Depths:1 | 33412 ||| RETREATING.
 33416 | Depths:1 | 33416 ||| INVOKING Finesse.
 33435 | Depths:1 | 33435 ||| RETREATING.
 33436 | Depths:1 | 33436 ||| Stepping ~*~*~tactically~*~*~ (retreating).
 33437 | Depths:1 | 33437 ||| Stepping ~*~*~tactically~*~*~ (retreating).
 33439 | Depths:1 | 33439 ||| Stepping ~*~*~tactically~*~*~ (retreating).
 33455 | Depths:1 | 33455 ||| Stepping ~*~*~tactically~*~*~ (retreating).
 33460 | Depths:1 | 33460 ||| Stepping ~*~*~tactically~*~*~ (retreating).
 33496 | WizLab   | Entered Iskenderun's Mystic Tower
 33499 | WizLab   | 33499 ||| INVOKING Heroism.
 33500 | WizLab   | 33500 ||| INVOKING Finesse.
 33507 | WizLab   | Reached skill level 15 in Armour
 33562 | WizLab   | 33562 ||| INVOKING Heroism.
 33563 | WizLab   | 33563 ||| INVOKING Finesse.
 33605 | WizLab   | 33605 ||| INVOKING Heroism.
 33662 | WizLab   | 33662 ||| Stepping ~*~*~tactically~*~*~ (outnumbered).
 33664 | WizLab   | 33664 ||| Stepping ~*~*~tactically~*~*~ (outnumbered).
 33670 | WizLab   | 33670 ||| Stepping ~*~*~tactically~*~*~ (outnumbered).
 33672 | WizLab   | 33672 ||| Stepping ~*~*~tactically~*~*~ (outnumbered).
 33699 | WizLab   | 33699 ||| INVOKING Heroism.
 33700 | WizLab   | 33700 ||| INVOKING Finesse.
 33772 | WizLab   | 33772 ||| INVOKING Heroism.
 33813 | WizLab   | 33813 ||| INVOKING Heroism.
 33935 | Depths:1 | 33935 ||| PLANNING DEPTHS
 33967 | Depths:1 | 33967 ||| RETREATING.
 33989 | Depths:1 | 33989 ||| RETREATING.
 34001 | Depths:1 | Noticed Nikola
 34002 | Depths:1 | 34002 ||| Stepping ~*~*~tactically~*~*~ (outnumbered).
 34026 | Depths:1 | Killed Nikola
 34082 | Depths:1 | Found a one-way gateway to a ziggurat.
 34088 | Depths:1 | 34088 ||| INVOKING Heroism.
 34162 | Depths:1 | Found a shimmering altar of Xom.
 34162 | Depths:1 | Found a shimmering altar of Xom.
 34163 | Depths:1 | Found a shimmering altar of Xom.
 34199 | Depths:1 | Noticed Aizul
 34212 | Depths:1 | Killed Aizul
 34364 | Depths:1 | 34364 ||| INVOKING Heroism.
 34388 | Depths:1 | 34388 ||| Stepping ~*~*~tactically~*~*~ (outnumbered).
 34396 | Depths:1 | 34396 ||| RETREATING.
 34665 | Depths:2 | Found Cuej Guele's Antique Weapon Emporium.
 34683 | Depths:2 | Noticed Bai Suzhen
 34696 | Depths:2 | Killed Bai Suzhen
 34697 | Depths:2 | 34697 ||| Stepping ~*~*~tactically~*~*~ (cloud).
 34783 | Depths:2 | Found a one-way gate leading to the halls of Pandemonium.
 34813 | Depths:2 | 34813 ||| RETREATING.
 34816 | Depths:2 | 34816 ||| Stepping ~*~*~tactically~*~*~ (retreating).
 34817 | Depths:2 | 34817 ||| Stepping ~*~*~tactically~*~*~ (retreating).
 34818 | Depths:2 | 34818 ||| Stepping ~*~*~tactically~*~*~ (retreating).
 34819 | Depths:2 | 34819 ||| Stepping ~*~*~tactically~*~*~ (retreating).
 34820 | Depths:2 | 34820 ||| Stepping ~*~*~tactically~*~*~ (retreating).
 34837 | Depths:2 | 34837 ||| Stepping ~*~*~tactically~*~*~ (retreating).
 34838 | Depths:2 | 34838 ||| RETREATING.
 34845 | Depths:2 | Reached XP level 22. HP: 151/163 MP: 29/29
 34909 | Depths:2 | 34909 ||| RETREATING.
 35060 | Depths:2 | 35060 ||| Stepping ~*~*~tactically~*~*~ (retreating).
 35061 | Depths:2 | 35061 ||| Stepping ~*~*~tactically~*~*~ (retreating).
 35072 | Depths:2 | 35072 ||| Stepping ~*~*~tactically~*~*~ (outnumbered).
 35133 | Depths:2 | Reached skill level 25 in Fighting
 35238 | Depths:2 | 35238 ||| RETREATING.
 35240 | Depths:2 | 35240 ||| Stepping ~*~*~tactically~*~*~ (retreating).
 35241 | Depths:2 | Received a gift from Okawaru
 35243 | Depths:2 | 35243 ||| Stepping ~*~*~tactically~*~*~ (retreating).
 35255 | Depths:2 | 35255 ||| Stepping ~*~*~tactically~*~*~ (retreating).
 35256 | Depths:2 | 35256 ||| Stepping ~*~*~tactically~*~*~ (retreating).
 35257 | Depths:2 | 35257 ||| Stepping ~*~*~tactically~*~*~ (retreating).
 35258 | Depths:2 | 35258 ||| Stepping ~*~*~tactically~*~*~ (retreating).
 35259 | Depths:2 | 35259 ||| Stepping ~*~*~tactically~*~*~ (retreating).
 35261 | Depths:2 | 35261 ||| Stepping ~*~*~tactically~*~*~ (retreating).
 35262 | Depths:2 | 35262 ||| Stepping ~*~*~tactically~*~*~ (retreating).
 35263 | Depths:2 | 35263 ||| Stepping ~*~*~tactically~*~*~ (retreating).
 35274 | Depths:2 | 35274 ||| INVOKING Heroism.
 35557 | Depths:2 | 35557 ||| RETREATING.
 35568 | Depths:2 | 35568 ||| RETREATING.
 35583 | Depths:2 | Identified the +4 crystal plate armour of Imperfection
                  | {rPois} (Okawaru gifted it to you on level 2 of the Depths)
 35583 | Depths:2 | Received a gift from Okawaru
 35748 | Depths:2 | Found Domifi's Pet Rocks.
 35756 | Depths:2 | 35756 ||| BUYING wand of digging (3) (201 gold).
 35756 | Depths:2 | Bought a wand of digging (3) for 201 gold pieces
 35857 | Depths:2 | 35857 ||| INVOKING Heroism.
 35858 | Depths:2 | 35858 ||| INVOKING Finesse.
 35859 | Depths:2 | 35859 ||| Stepping ~*~*~tactically~*~*~ (outnumbered).
 35894 | Depths:2 | 35894 ||| Stepping ~*~*~tactically~*~*~ (outnumbered).
 36027 | Depths:2 | 36027 ||| DROPPING amulet of the acrobat.
 36080 | Depths:3 | 36080 ||| Stepping ~*~*~tactically~*~*~ (outnumbered).
 36080 | Depths:3 | Paralysed by an air elemental for 1 turns
 36280 | Depths:3 | Noticed the Enchantress
 36281 | Depths:3 | 36281 ||| INVOKING Heroism.
 36283 | Depths:3 | 36283 ||| INVOKING Finesse.
 36289 | Depths:3 | 36289 ||| Stepping ~*~*~tactically~*~*~ (retreating).
 36294 | Depths:3 | 36294 ||| DRINKING 21 potions of curing.
 36294 | Depths:3 | 36294 ||| (to cure confusion)
 36304 | Depths:3 | 36304 ||| Stepping ~*~*~tactically~*~*~ (retreating).
 36305 | Depths:3 | 36305 ||| Stepping ~*~*~tactically~*~*~ (retreating).
 36306 | Depths:3 | 36306 ||| Stepping ~*~*~tactically~*~*~ (retreating).
 36307 | Depths:3 | 36307 ||| Stepping ~*~*~tactically~*~*~ (retreating).
 36308 | Depths:3 | 36308 ||| DRINKING 20 potions of curing.
 36308 | Depths:3 | 36308 ||| (to cure confusion)
 36309 | Depths:3 | 36309 ||| Stepping ~*~*~tactically~*~*~ (retreating).
 36310 | Depths:3 | 36310 ||| Stepping ~*~*~tactically~*~*~ (retreating).
 36311 | Depths:3 | 36311 ||| Stepping ~*~*~tactically~*~*~ (retreating).
 36329 | Depths:3 | 36329 ||| INVOKING Finesse.
 36344 | Depths:3 | 36344 ||| DRINKING 19 potions of curing.
 36344 | Depths:3 | 36344 ||| (to cure confusion)
 36358 | Depths:3 | Killed the Enchantress
 36421 | Depths:3 | 36421 ||| Stepping ~*~*~tactically~*~*~ (outnumbered).
 36426 | Depths:3 | 36426 ||| Stepping ~*~*~tactically~*~*~ (outnumbered).
 36429 | Depths:3 | 36429 ||| Stepping ~*~*~tactically~*~*~ (outnumbered).
 36526 | Depths:3 | 36526 ||| INVOKING Heroism.
 36568 | Depths:3 | 36568 ||| RETREATING.
 36570 | Depths:3 | 36570 ||| INVOKING Heroism.
 36582 | Depths:3 | 36582 ||| Stepping ~*~*~tactically~*~*~ (retreating).
 36584 | Depths:3 | 36584 ||| Stepping ~*~*~tactically~*~*~ (retreating).
 36585 | Depths:3 | 36585 ||| Stepping ~*~*~tactically~*~*~ (retreating).
 36586 | Depths:3 | 36586 ||| Stepping ~*~*~tactically~*~*~ (retreating).
 36587 | Depths:3 | Reached skill level 18 in Dodging
 36679 | Depths:3 | 36679 ||| INVOKING Heroism.
 36743 | Depths:3 | 36743 ||| Stepping ~*~*~tactically~*~*~ (outnumbered).
 36747 | Depths:3 | 36747 ||| Stepping ~*~*~tactically~*~*~ (outnumbered).
 36758 | Depths:3 | Paralysed by an air elemental for 1 turns
 36865 | Depths:3 | 36865 ||| INVOKING Heroism.
 36923 | Depths:3 | 36923 ||| INVOKING Heroism.
 36958 | Depths:3 | Found a one-way gate to the infinite horrors of the Abyss.
 36961 | Depths:3 | Identified the +8 sling of the Foremost Planets {freeze,
                  | rC+ Stlth+}
 37018 | Depths:3 | Identified the +7 quick blade of Hopt {drain, *Rage Str+3
                  | Int+4}
 37019 | Depths:3 | Identified the +9 sling "Dragon's Funeral" {flame, rElec
                  | rF++ Dex+4 Stlth+}
 37041 | Depths:3 | 37041 ||| INVOKING Heroism.
 37060 | Depths:3 | 37060 ||| Stepping ~*~*~tactically~*~*~ (outnumbered).
 37065 | Depths:3 | 37065 ||| Stepping ~*~*~tactically~*~*~ (outnumbered).
 37084 | Depths:3 | Identified the +6 flail of the Puffball {vamp, Dex+2}
 37104 | Depths:3 | Identified the +1 scale mail of the Hungering Gods {Str+2}
 37322 | Depths:3 | Reached XP level 23. HP: 168/172 MP: 30/30
 37343 | Depths:3 | 37343 ||| INVOKING Heroism.
 37410 | Depths:3 | 37410 ||| UPGRADING to +4 faerie dragon scales {Will+ rCorr
                  | Stlth+}.
 37420 | Depths:3 | 37420 ||| DROPPING +4 ring mail.
 37421 | Depths:3 | 37421 ||| DROPPING amulet of regeneration.
 37422 | Depths:3 | 37422 ||| DROPPING ring of positive energy.
 37458 | Depths:4 | Entered Level 4 of the Depths
 37476 | Depths:4 | 37476 ||| RETREATING.
 37550 | Depths:4 | 37550 ||| RETREATING.
 37563 | Depths:4 | 37563 ||| Stepping ~*~*~tactically~*~*~ (retreating).
 37564 | Depths:4 | 37564 ||| Stepping ~*~*~tactically~*~*~ (retreating).
 37565 | Depths:4 | 37565 ||| Stepping ~*~*~tactically~*~*~ (retreating).
 37566 | Depths:4 | 37566 ||| Stepping ~*~*~tactically~*~*~ (retreating).
 37567 | Depths:4 | 37567 ||| INVOKING Heroism.
 37673 | Depths:4 | 37673 ||| Stepping ~*~*~tactically~*~*~ (outnumbered).
 37675 | Depths:4 | 37675 ||| Stepping ~*~*~tactically~*~*~ (outnumbered).
 37677 | Depths:4 | 37677 ||| Stepping ~*~*~tactically~*~*~ (outnumbered).
 37679 | Depths:4 | 37679 ||| RETREATING.
 37683 | Depths:4 | 37683 ||| RETREATING.
 37684 | Depths:4 | 37684 ||| INVOKING Heroism.
 37692 | Depths:4 | 37692 ||| Stepping ~*~*~tactically~*~*~ (outnumbered).
 37806 | Depths:4 | 37806 ||| FLEEEEING.
 37888 | Depths:4 | 37888 ||| INVOKING Heroism.
 37889 | Depths:4 | 37889 ||| INVOKING Finesse.
 37930 | Depths:4 | 37930 ||| RETREATING.
 37939 | Depths:4 | 37939 ||| INVOKING Heroism.
 37955 | Depths:4 | 37955 ||| Stepping ~*~*~tactically~*~*~ (retreating).
 37996 | Depths:4 | 37996 ||| RETREATING.
 38011 | Depths:4 | 38011 ||| FLEEEEING.
 38012 | Depths:4 | 38012 ||| FLEEEEING.
 38013 | Depths:4 | 38013 ||| FLEEEEING.
 38042 | Depths:4 | Found a gate to the Realm of Zot.
 38057 | Depths:4 | 38057 ||| RETREATING.
 38064 | Depths:4 | 38064 ||| INVOKING Heroism.
 38255 | Depths:4 | 38255 ||| Stepping ~*~*~tactically~*~*~ (outnumbered).
 38357 | Depths:4 | 38357 ||| RETREATING.
 38371 | Depths:4 | 38371 ||| Stepping ~*~*~tactically~*~*~ (retreating).
 38601 | Depths:4 | 38601 ||| INVOKING Heroism.
 38884 | Depths:4 | 38884 ||| PLANNING VAULTS:5
 39101 | Vaults:5 | Entered Level 5 of the Vaults
 39105 | Vaults:5 | 39105 ||| STAIRDANCE
 39124 | Vaults:5 | 39124 ||| STAIRDANCE
 39132 | Vaults:4 | 39132 ||| Stepping ~*~*~tactically~*~*~ (retreating).
 39133 | Vaults:4 | 39133 ||| Stepping ~*~*~tactically~*~*~ (retreating).
 39134 | Vaults:4 | 39134 ||| Stepping ~*~*~tactically~*~*~ (retreating).
 39135 | Vaults:4 | 39135 ||| Stepping ~*~*~tactically~*~*~ (retreating).
 39136 | Vaults:4 | 39136 ||| Stepping ~*~*~tactically~*~*~ (retreating).
 39137 | Vaults:4 | 39137 ||| Stepping ~*~*~tactically~*~*~ (retreating).
 39138 | Vaults:4 | 39138 ||| Stepping ~*~*~tactically~*~*~ (retreating).
 39139 | Vaults:4 | 39139 ||| Stepping ~*~*~tactically~*~*~ (retreating).
 39189 | Vaults:5 | 39189 ||| STAIRDANCE
 39195 | Vaults:4 | 39195 ||| Stepping ~*~*~tactically~*~*~ (retreating).
 39196 | Vaults:4 | 39196 ||| Stepping ~*~*~tactically~*~*~ (retreating).
 39197 | Vaults:4 | 39197 ||| Stepping ~*~*~tactically~*~*~ (retreating).
 39198 | Vaults:4 | 39198 ||| Stepping ~*~*~tactically~*~*~ (retreating).
 39200 | Vaults:4 | 39200 ||| Stepping ~*~*~tactically~*~*~ (retreating).
 39201 | Vaults:4 | 39201 ||| Stepping ~*~*~tactically~*~*~ (retreating).
 39202 | Vaults:4 | 39202 ||| Stepping ~*~*~tactically~*~*~ (retreating).
 39203 | Vaults:4 | 39203 ||| Stepping ~*~*~tactically~*~*~ (retreating).
 39229 | Vaults:4 | Reached skill level 26 in Fighting
 39263 | Vaults:5 | 39263 ||| STAIRDANCE
 39265 | Vaults:4 | 39265 ||| Stepping ~*~*~tactically~*~*~ (retreating).
 39266 | Vaults:4 | 39266 ||| Stepping ~*~*~tactically~*~*~ (retreating).
 39267 | Vaults:4 | 39267 ||| Stepping ~*~*~tactically~*~*~ (retreating).
 39292 | Vaults:5 | 39292 ||| STAIRDANCE
 39307 | Vaults:5 | 39307 ||| STAIRDANCE
 39315 | Vaults:5 | 39315 ||| STAIRDANCE
 39317 | Vaults:4 | 39317 ||| INVOKING Heroism.
 39342 | Vaults:5 | 39342 ||| RETREATING.
 39343 | Vaults:5 | 39343 ||| Stepping ~*~*~tactically~*~*~ (retreating).
 39344 | Vaults:5 | 39344 ||| Stepping ~*~*~tactically~*~*~ (retreating).
 39345 | Vaults:5 | 39345 ||| Stepping ~*~*~tactically~*~*~ (retreating).
 39346 | Vaults:5 | 39346 ||| Stepping ~*~*~tactically~*~*~ (retreating).
 39347 | Vaults:5 | 39347 ||| Stepping ~*~*~tactically~*~*~ (retreating).
 39348 | Vaults:5 | 39348 ||| Stepping ~*~*~tactically~*~*~ (retreating).
 39352 | Vaults:5 | 39352 ||| Stepping ~*~*~tactically~*~*~ (retreating).
 39353 | Vaults:5 | 39353 ||| Stepping ~*~*~tactically~*~*~ (retreating).
 39358 | Vaults:5 | 39358 ||| Stepping ~*~*~tactically~*~*~ (retreating).
 39375 | Vaults:5 | 39375 ||| Stepping ~*~*~tactically~*~*~ (retreating).
 39386 | Vaults:5 | Received a gift from Okawaru
 39388 | Vaults:5 | 39388 ||| Stepping ~*~*~tactically~*~*~ (outnumbered).
 39389 | Vaults:5 | 39389 ||| Stepping ~*~*~tactically~*~*~ (retreating).
 39390 | Vaults:5 | 39390 ||| Stepping ~*~*~tactically~*~*~ (retreating).
 39390 | Vaults:5 | Noticed a golden dragon
 39391 | Vaults:5 | 39391 ||| INVOKING Finesse.
 39392 | Vaults:5 | 39392 ||| Stepping ~*~*~tactically~*~*~ (retreating).
 39400 | Vaults:5 | Killed a golden dragon
 39401 | Vaults:5 | 39401 ||| Stepping ~*~*~tactically~*~*~ (retreating).
 39412 | Vaults:5 | 39412 ||| INVOKING Heroism.
 39413 | Vaults:5 | 39413 ||| Stepping ~*~*~tactically~*~*~ (retreating).
 39416 | Vaults:5 | 39416 ||| Stepping ~*~*~tactically~*~*~ (retreating).
 39416 | Vaults:5 | Noticed a golden dragon
 39419 | Vaults:5 | 39419 ||| Stepping ~*~*~tactically~*~*~ (outnumbered).
 39426 | Vaults:5 | 39426 ||| Stepping ~*~*~tactically~*~*~ (outnumbered).
 39427 | Vaults:5 | 39427 ||| Stepping ~*~*~tactically~*~*~ (outnumbered).
 39431 | Vaults:5 | Reached skill level 18 in Armour
 39431 | Vaults:5 | 39431 ||| Stepping ~*~*~tactically~*~*~ (outnumbered).
 39443 | Vaults:5 | 39443 ||| Stepping ~*~*~tactically~*~*~ (outnumbered).
 39450 | Vaults:5 | 39450 ||| Stepping ~*~*~tactically~*~*~ (retreating).
 39462 | Vaults:5 | 39462 ||| Stepping ~*~*~tactically~*~*~ (retreating).
 39483 | Vaults:5 | 39483 ||| Stepping ~*~*~tactically~*~*~ (retreating).
 39516 | Vaults:5 | 39516 ||| INVOKING Finesse.
 39525 | Vaults:5 | Killed a golden dragon
 39556 | Vaults:5 | Reached XP level 24. HP: 141/180 MP: 30/30
 39594 | Vaults:5 | 39594 ||| INVOKING Heroism.
 39638 | Vaults:5 | 39638 ||| Stepping ~*~*~tactically~*~*~ (outnumbered).
 39639 | Vaults:5 | Identified the +0 chain mail "Gunag" {+Inv rN+ Str-4 Int+8}
 39640 | Vaults:5 | 39640 ||| Stepping ~*~*~tactically~*~*~ (outnumbered).
 39653 | Vaults:5 | Noticed a dread lich
 39654 | Vaults:5 | 39654 ||| Stepping ~*~*~tactically~*~*~ (retreating).
 39657 | Vaults:5 | 39657 ||| Stepping ~*~*~tactically~*~*~ (retreating).
 39658 | Vaults:5 | 39658 ||| Stepping ~*~*~tactically~*~*~ (retreating).
 39661 | Vaults:5 | 39661 ||| INVOKING Heroism.
 39666 | Vaults:5 | 39666 ||| Stepping ~*~*~tactically~*~*~ (retreating).
 39667 | Vaults:5 | 39667 ||| Stepping ~*~*~tactically~*~*~ (retreating).
 39675 | Vaults:5 | 39675 ||| Stepping ~*~*~tactically~*~*~ (retreating).
 39676 | Vaults:5 | 39676 ||| Stepping ~*~*~tactically~*~*~ (retreating).
 39687 | Vaults:5 | Killed a dread lich
 39696 | Vaults:5 | 39696 ||| Stepping ~*~*~tactically~*~*~ (retreating).
 39719 | Vaults:5 | Got a silver rune of Zot
 39743 | Vaults:5 | Identified the +1 morningstar of a sewer {venom, rF+}
 39745 | Vaults:5 | Identified the staff "Emosyc" {rC+ Str+2 Conj}
 39770 | Vaults:5 | Identified the +6 dire flail of Magnificence {heavy, rPois}
 39771 | Vaults:5 | 39771 ||| FLEEEEING.
 39809 | Vaults:5 | 39809 ||| RETREATING.
 39835 | Vaults:5 | 39835 ||| INVOKING Heroism.
 39935 | Vaults:5 | Identified the staff of Woe {rF- rC- Str+6 SInv Earth}
 40189 | Vaults:5 | 40189 ||| INVOKING Heroism.
 40258 | Vaults:5 | Reached skill level 27 in Fighting
 40497 | Vaults:5 | Found Vyjiffee's Distillery.
 40508 | Vaults:5 | Found Viceetism's Distillery.
 40509 | Vaults:5 | 40509 ||| BUYING 2 potions of cancellation (352 gold).
 40509 | Vaults:5 | Bought 2 potions of cancellation for 352 gold pieces
 40509 | Vaults:5 | 40509 ||| BUYING 2 potions of curing (132 gold).
 40509 | Vaults:5 | Bought 2 potions of curing for 132 gold pieces
 40509 | Vaults:5 | 40509 ||| BUYING potion of cancellation (176 gold).
 40509 | Vaults:5 | Bought a potion of cancellation for 176 gold pieces
 40509 | Vaults:5 | 40509 ||| BUYING potion of curing (66 gold).
 40509 | Vaults:5 | Bought a potion of curing for 66 gold pieces
 40509 | Vaults:5 | 40509 ||| BUYING potion of heal wounds (110 gold).
 40509 | Vaults:5 | Bought a potion of heal wounds for 110 gold pieces
 40509 | Vaults:5 | 40509 ||| BUYING potion of heal wounds (110 gold).
 40509 | Vaults:5 | Bought a potion of heal wounds for 110 gold pieces
 40509 | Vaults:5 | 40509 ||| BUYING potion of might (88 gold).
 40509 | Vaults:5 | Bought a potion of might for 88 gold pieces
 40509 | Vaults:5 | 40509 ||| BUYING potion of mutation (176 gold).
 40509 | Vaults:5 | Bought a potion of mutation for 176 gold pieces
 40509 | Vaults:5 | 40509 ||| BUYING potion of mutation (176 gold).
 40509 | Vaults:5 | Bought a potion of mutation for 176 gold pieces
 40509 | Vaults:5 | 40509 ||| BUYING potion of resistance (220 gold).
 40509 | Vaults:5 | Bought a potion of resistance for 220 gold pieces
 40516 | Vaults:5 | 40516 ||| BUYING potion of enlightenment (105 gold).
 40516 | Vaults:5 | Bought a potion of enlightenment for 105 gold pieces
 40516 | Vaults:5 | 40516 ||| BUYING potion of heal wounds (105 gold).
 40516 | Vaults:5 | Bought a potion of heal wounds for 105 gold pieces
 40516 | Vaults:5 | 40516 ||| BUYING potion of heal wounds (105 gold).
 40516 | Vaults:5 | Bought a potion of heal wounds for 105 gold pieces
 40516 | Vaults:5 | 40516 ||| BUYING potion of might (84 gold).
 40516 | Vaults:5 | Bought a potion of might for 84 gold pieces
 40516 | Vaults:5 | 40516 ||| BUYING potion of resistance (210 gold).
 40516 | Vaults:5 | Bought a potion of resistance for 210 gold pieces
 40652 | Vaults:5 | 40652 ||| INVOKING Heroism.
 40663 | Vaults:5 | Noticed an ancient lich
 40664 | Vaults:5 | 40664 ||| INVOKING Finesse.
 40676 | Vaults:5 | Killed an ancient lich
 40676 | Vaults:5 | Received a gift from Okawaru
 40676 | Vaults:5 | Found the +2 hat of the Bear Spirit {Spirit, Bear, *Rage
                  | Will++}
 40684 | Vaults:5 | Found Wumol's Distillery.
 40707 | Vaults:5 | 40707 ||| BUYING potion of curing (57 gold).
 40707 | Vaults:5 | Bought a potion of curing for 57 gold pieces
 40707 | Vaults:5 | 40707 ||| SHOPLISTING potion of experience (950 gold, have
                  | 266).
 40707 | Vaults:5 | 40707 ||| BUYING potion of might (76 gold).
 40707 | Vaults:5 | Bought a potion of might for 76 gold pieces
 40707 | Vaults:5 | 40707 ||| BUYING potion of mutation (152 gold).
 40707 | Vaults:5 | Bought a potion of mutation for 152 gold pieces
 40707 | Vaults:5 | 40707 ||| SHOPLISTING potion of mutation (152 gold, have
                  | 38).
 40707 | Vaults:5 | 40707 ||| SHOPLISTING potion of resistance (190 gold, have
                  | 38).
 40714 | Vaults:5 | Found Tabliuh's Magic Scroll Shoppe.
 40719 | Vaults:5 | 40719 ||| SHOPLISTING scroll of enchant weapon (112 gold,
                  | have 38).
 40738 | Vaults:5 | Found Erokliu's Magic Scroll Boutique.
 40757 | Vaults:5 | 40757 ||| PLANNING SHOPPING SPREE
 40757 | Vaults:5 | 40757 ||| DROPPING +2 robe of positive energy.
 40758 | Vaults:5 | 40758 ||| UPGRADING to +6 ring of dexterity.
 40760 | Vaults:5 | 40760 ||| DROPPING ring of fire.
 40761 | Vaults:5 | 40761 ||| DROPPING +5 ring of evasion.
 40948 | Orc:2    | 40948 ||| BUYING scroll of teleportation (36 gold).
 40948 | Orc:2    | Bought a scroll of teleportation for 36 gold pieces
 40948 | Orc:2    | 40948 ||| SHOPLISTING scroll of teleportation (36 gold,
                  | have 2).
 40948 | Orc:2    | 40948 ||| CLEARING SHOPPING LIST
 40948 | Orc:2    | 40948 ||| PLANNING ZOT:1-4
 41189 | Zot:1    | Entered Level 1 of the Realm of Zot
 41209 | Zot:1    | Found a runed translucent door.
 41212 | Zot:1    | Found the +4 robe of Folly {Brill Will-∞ Int+8}
 41213 | Zot:1    | Found a shimmering altar of Xom.
 41213 | Zot:1    | Noticed qw's ghost (veteran GrHu)
 41223 | Zot:1    | 41223 ||| INVOKING Heroism.
 41225 | Zot:1    | 41225 ||| RETREATING.
 41228 | Zot:1    | 41228 ||| Stepping ~*~*~tactically~*~*~ (retreating).
 41232 | Zot:1    | 41232 ||| Stepping ~*~*~tactically~*~*~ (retreating).
 41233 | Zot:1    | 41233 ||| Stepping ~*~*~tactically~*~*~ (retreating).
 41234 | Zot:1    | 41234 ||| Stepping ~*~*~tactically~*~*~ (retreating).
 41404 | Zot:1    | You are sucked into a shaft and drop 1 floor!
 41430 | Zot:2    | 41430 ||| DROPPING +1 cloak.
 41610 | Zot:1    | 41610 ||| Stepping ~*~*~tactically~*~*~ (outnumbered).
 41611 | Zot:1    | 41611 ||| Stepping ~*~*~tactically~*~*~ (outnumbered).
 41964 | Zot:1    | 41964 ||| DROPPING ring of magical power.
 42037 | Zot:2    | 42037 ||| RETREATING.
 42042 | Zot:2    | Noticed an orb of fire
 42043 | Zot:2    | 42043 ||| DRINKING 14 potions of resistance.
 42046 | Zot:2    | 42046 ||| Stepping ~*~*~tactically~*~*~ (outnumbered).
 42047 | Zot:2    | 42047 ||| RETREATING.
 42049 | Zot:2    | 42049 ||| INVOKING Heroism.
 42065 | Zot:2    | 42065 ||| INVOKING Finesse.
 42076 | Zot:2    | Gained mutation: Your magical capacity is low. (-10% MP)
                  | [an orb of fire]
 42077 | Zot:2    | 42077 ||| INVOKING Finesse.
 42079 | Zot:2    | Gained mutation: Your spells are a little easier to cast,
                  | but a little less powerful. [an orb of fire]
 42103 | Zot:2    | Gained mutation: Your spells are easier to cast, but less
                  | powerful. [an orb of fire]
 42107 | Zot:2    | Killed an orb of fire
 42476 | Zot:2    | Identified the +8 plate armour of Umaigar {Harm rF+ Int+2}
 42754 | Zot:3    | 42754 ||| STAIRDANCE
 42858 | Zot:3    | 42858 ||| STAIRDANCE
 42896 | Zot:3    | Noticed an orb of fire
 42897 | Zot:3    | 42897 ||| DRINKING 13 potions of resistance.
 42898 | Zot:3    | 42898 ||| INVOKING Heroism.
 42900 | Zot:3    | 42900 ||| STAIRDANCE
 42906 | Zot:3    | 42906 ||| STAIRDANCE
 42916 | Zot:2    | Killed an orb of fire
 42935 | Zot:3    | 42935 ||| STAIRDANCE
 42937 | Zot:2    | 42937 ||| Stepping ~*~*~tactically~*~*~ (retreating).
 42938 | Zot:2    | 42938 ||| Stepping ~*~*~tactically~*~*~ (retreating).
 42940 | Zot:2    | 42940 ||| Stepping ~*~*~tactically~*~*~ (retreating).
 42942 | Zot:2    | 42942 ||| Stepping ~*~*~tactically~*~*~ (retreating).
 42948 | Zot:2    | 42948 ||| INVOKING Heroism.
 43081 | Zot:3    | 43081 ||| STAIRDANCE
 43093 | Zot:3    | 43093 ||| INVOKING Heroism.
 43094 | Zot:3    | 43094 ||| STAIRDANCE
 43103 | Zot:3    | 43103 ||| STAIRDANCE
 43103 | Zot:3    | Noticed Parghit
 43123 | Zot:3    | 43123 ||| RETREATING.
 43149 | Zot:3    | 43149 ||| INVOKING Heroism.
 43172 | Zot:3    | HP: 40/181 [yellow draconian/+0 halberd[a white draconian
                  | stormcaller] (12)]
 43173 | Zot:3    | 43173 ||| READING 18 scrolls of teleportation.
 43174 | Zot:3    | 43174 ||| DRINKING 14 potions of heal wounds.
 43193 | Zot:3    | HP: 45/181 [storm dragon (9)]
 43194 | Zot:3    | 43194 ||| DRINKING 13 potions of heal wounds.
 43196 | Zot:3    | 43196 ||| DRINKING 12 potions of heal wounds.
 43273 | Zot:3    | 43273 ||| INVOKING Heroism.
 43280 | Zot:3    | Noticed a Killer Klown
 43282 | Zot:3    | 43282 ||| RETREATING.
 43290 | Zot:3    | 43290 ||| Stepping ~*~*~tactically~*~*~ (outnumbered).
 43310 | Zot:3    | Killed a Killer Klown
 43495 | Zot:3    | Reached XP level 25. HP: 187/187 MP: 28/28
 43496 | Zot:3    | 43496 ||| INVOKING Heroism.
 43526 | Zot:3    | Killed Parghit
 43658 | Zot:3    | 43658 ||| INVOKING Heroism.
 43831 | Zot:4    | 43831 ||| Stepping ~*~*~tactically~*~*~ (outnumbered).
 43834 | Zot:4    | 43834 ||| Stepping ~*~*~tactically~*~*~ (outnumbered).
 43835 | Zot:4    | 43835 ||| Stepping ~*~*~tactically~*~*~ (outnumbered).
 43836 | Zot:4    | 43836 ||| Stepping ~*~*~tactically~*~*~ (outnumbered).
 43838 | Zot:4    | 43838 ||| Stepping ~*~*~tactically~*~*~ (outnumbered).
 43866 | Zot:4    | Reached skill level 21 in Dodging
 43996 | Zot:4    | Noticed an orb of fire
 43997 | Zot:4    | 43997 ||| DRINKING 12 potions of resistance.
 43998 | Zot:4    | 43998 ||| INVOKING Heroism.
 44004 | Zot:4    | Killed an orb of fire
 44033 | Zot:4    | 44033 ||| INVOKING Heroism.
 44102 | Zot:4    | 44102 ||| INVOKING Heroism.
 44357 | Zot:4    | 44357 ||| Stepping ~*~*~tactically~*~*~ (outnumbered).
 44360 | Zot:4    | 44360 ||| INVOKING Heroism.
 44365 | Zot:4    | 44365 ||| Stepping ~*~*~tactically~*~*~ (outnumbered).
 44366 | Zot:4    | 44366 ||| Stepping ~*~*~tactically~*~*~ (outnumbered).
 44367 | Zot:4    | 44367 ||| Stepping ~*~*~tactically~*~*~ (outnumbered).
 44368 | Zot:4    | 44368 ||| Stepping ~*~*~tactically~*~*~ (outnumbered).
 44476 | Zot:4    | 44476 ||| INVOKING Heroism.
 44661 | Zot:4    | 44661 ||| INVOKING Heroism.
 44707 | Zot:4    | 44707 ||| PLANNING ORB
 44707 | Zot:4    | 44707 ||| DROPPING scarf of invisibility.
 44708 | Zot:4    | 44708 ||| DROPPING +1 cloak.
 44709 | Zot:4    | 44709 ||| DROPPING +0 leather armour of fire resistance.
 44750 | Zot:5    | Entered Level 5 of the Realm of Zot
 44810 | Zot:5    | 44810 ||| RETREATING.
 44817 | Zot:5    | 44817 ||| Stepping ~*~*~tactically~*~*~ (outnumbered).
 44962 | Zot:5    | 44962 ||| INVOKING Heroism.
 45184 | Zot:5    | Noticed an orb of fire
 45185 | Zot:5    | 45185 ||| DRINKING 11 potions of resistance.
 45186 | Zot:5    | 45186 ||| INVOKING Heroism.
 45187 | Zot:5    | Gained mutation: You occasionally shout uncontrollably at
                  | your foes. [an orb of fire]
 45192 | Zot:5    | 45192 ||| Stepping ~*~*~tactically~*~*~ (retreating).
 45193 | Zot:5    | 45193 ||| Stepping ~*~*~tactically~*~*~ (retreating).
 45194 | Zot:5    | 45194 ||| RETREATING.
 45195 | Zot:5    | 45195 ||| Stepping ~*~*~tactically~*~*~ (retreating).
 45196 | Zot:5    | 45196 ||| Stepping ~*~*~tactically~*~*~ (retreating).
 45199 | Zot:5    | Gained mutation: You are clumsy. (Dex -2) [an orb of fire]
 45200 | Zot:5    | Gained mutation: Potions are less effective at restoring
                  | your health. [an orb of fire]
 45207 | Zot:5    | 45207 ||| Stepping ~*~*~tactically~*~*~ (retreating).
 45207 | Zot:5    | Gained mutation: You are frail. (-10% HP) [an orb of fire]
 45215 | Zot:5    | Killed an orb of fire
 45261 | Zot:5    | 45261 ||| DRINKING 21 potions of mutation.
 45261 | Zot:5    | Lost mutation: Your magical capacity is low. (-10% MP)
                  | [potion of mutation]
 45261 | Zot:5    | Lost mutation: You are frail. (-10% HP) [potion of
                  | mutation]
 45261 | Zot:5    | Gained mutation: Your muscles are strong. (Str +4, Int/Dex
                  | -1) [potion of mutation]
 45270 | Zot:5    | 45270 ||| DRINKING 20 potions of mutation.
 45270 | Zot:5    | Lost mutation: You are clumsy. (Dex -2) [potion of
                  | mutation]
 45270 | Zot:5    | Lost mutation: You are partially covered in large bone
                  | plates. (SH +4) [potion of mutation]
 45270 | Zot:5    | Lost mutation: You expend magic power (3 MP) to strengthen
                  | your wands. [potion of mutation]
 45270 | Zot:5    | Lost mutation: Your spells are easier to cast, but less
                  | powerful. [potion of mutation]
 45270 | Zot:5    | Gained mutation: Your mind is acute. (Int +4, Str/Dex -1)
                  | [potion of mutation]
 45271 | Zot:5    | 45271 ||| DRINKING 19 potions of mutation.
 45271 | Zot:5    | Lost mutation: Potions are less effective at restoring your
                  | health. [potion of mutation]
 45271 | Zot:5    | Lost mutation: Your flesh is cold resistant. (rC+) [potion
                  | of mutation]
 45271 | Zot:5    | Lost mutation: Your mind is acute. (Int +4, Str/Dex -1)
                  | [potion of mutation]
 45271 | Zot:5    | Gained mutation: Your body sometimes deteriorates upon
                  | taking damage. [potion of mutation]
 45292 | Zot:5    | 45292 ||| INVOKING Heroism.
 45301 | Zot:5    | Noticed an orb of fire
 45302 | Zot:5    | 45302 ||| DRINKING 10 potions of resistance.
 45302 | Zot:5    | Noticed a Killer Klown
 45303 | Zot:5    | 45303 ||| RETREATING.
 45311 | Zot:5    | Lost mutation: Your muscles are strong. (Str +4, Int/Dex
                  | -1) [an orb of fire]
 45313 | Zot:5    | 45313 ||| Stepping ~*~*~tactically~*~*~ (retreating).
 45313 | Zot:5    | Noticed an ancient lich
 45315 | Zot:5    | 45315 ||| Stepping ~*~*~tactically~*~*~ (retreating).
 45316 | Zot:5    | 45316 ||| Stepping ~*~*~tactically~*~*~ (retreating).
 45317 | Zot:5    | 45317 ||| Stepping ~*~*~tactically~*~*~ (retreating).
 45339 | Zot:5    | Killed an orb of fire
 45345 | Zot:5    | Killed an ancient lich
 45349 | Zot:5    | 45349 ||| INVOKING Finesse.
 45360 | Zot:5    | 45360 ||| Stepping ~*~*~tactically~*~*~ (outnumbered).
 45366 | Zot:5    | Killed a Killer Klown
 45423 | Zot:5    | 45423 ||| Stepping ~*~*~tactically~*~*~ (cloud).
 45463 | Zot:5    | 45463 ||| RETREATING.
 45583 | Zot:5    | Noticed an ancient lich
 45584 | Zot:5    | 45584 ||| INVOKING Heroism.
 45584 | Zot:5    | Paralysed by a Zot trap for 2 turns
 45586 | Zot:5    | 45586 ||| INVOKING Finesse.
 45591 | Zot:5    | 45591 ||| RETREATING.
 45599 | Zot:5    | 45599 ||| Stepping ~*~*~tactically~*~*~ (retreating).
 45600 | Zot:5    | 45600 ||| Stepping ~*~*~tactically~*~*~ (retreating).
 45601 | Zot:5    | 45601 ||| Stepping ~*~*~tactically~*~*~ (retreating).
 45602 | Zot:5    | 45602 ||| Stepping ~*~*~tactically~*~*~ (retreating).
 45609 | Zot:5    | Killed an ancient lich
 45635 | Zot:5    | Noticed an orb of fire
 45636 | Zot:5    | 45636 ||| DRINKING 9 potions of resistance.
 45638 | Zot:5    | Noticed an ancient lich
 45639 | Zot:5    | 45639 ||| RETREATING.
 45641 | Zot:5    | Noticed a Killer Klown
 45641 | Zot:5    | Noticed a dread lich
 45642 | Zot:5    | Noticed a dread lich
 45643 | Zot:5    | Gained mutation: You expend magic power (3 MP) to
                  | strengthen your wands. [an orb of fire]
 45644 | Zot:5    | Noticed an ancient lich
 45649 | Zot:5    | 45649 ||| Stepping ~*~*~tactically~*~*~ (outnumbered).
 45650 | Zot:5    | 45650 ||| RETREATING.
 45657 | Zot:5    | 45657 ||| INVOKING Heroism.
 45659 | Zot:5    | Killed an orb of fire
 45661 | Zot:5    | 45661 ||| Stepping ~*~*~tactically~*~*~ (outnumbered).
 45665 | Zot:5    | Killed an ancient lich
 45666 | Zot:5    | Reached XP level 26. HP: 171/193 MP: 31/31
 45666 | Zot:5    | 45666 ||| RETREATING.
 45674 | Zot:5    | Killed a dread lich
 45675 | Zot:5    | 45675 ||| Stepping ~*~*~tactically~*~*~ (outnumbered).
 45686 | Zot:5    | Killed a dread lich
 45690 | Zot:5    | 45690 ||| INVOKING Finesse.
 45703 | Zot:5    | Killed a Killer Klown
 45704 | Zot:5    | Reached skill level 21 in Armour
 45714 | Zot:5    | Killed an ancient lich
 45763 | Zot:5    | 45763 ||| RETREATING.
 45763 | Zot:5    | Noticed an orb of fire
 45764 | Zot:5    | 45764 ||| DRINKING 8 potions of resistance.
 45765 | Zot:5    | 45765 ||| Stepping ~*~*~tactically~*~*~ (retreating).
 45766 | Zot:5    | 45766 ||| Stepping ~*~*~tactically~*~*~ (retreating).
 45767 | Zot:5    | 45767 ||| INVOKING Heroism.
 45768 | Zot:5    | 45768 ||| INVOKING Finesse.
 45774 | Zot:5    | Gained mutation: You are frail. (-10% HP) [an orb of fire]
 45783 | Zot:5    | Killed an orb of fire
 45810 | Zot:5    | 45810 ||| DRINKING 18 potions of mutation.
 45810 | Zot:5    | Lost mutation: You expend magic power (3 MP) to strengthen
                  | your wands. [potion of mutation]
 45810 | Zot:5    | Lost mutation: You are frail. (-10% HP) [potion of
                  | mutation]
 45810 | Zot:5    | Gained mutation: You have an increased reservoir of magic.
                  | (+10% MP) [potion of mutation]
 45810 | Zot:5    | Gained mutation: You are covered in fur. (AC +1) [potion of
                  | mutation]
 45891 | Zot:5    | Noticed a dread lich
 45894 | Zot:5    | 45894 ||| INVOKING Heroism.
 45895 | Zot:5    | 45895 ||| INVOKING Finesse.
 45903 | Zot:5    | Killed a dread lich
 46157 | Zot:5    | Got the Orb of Zot
 46158 | Zot:5    | 46158 ||| PLANNING ESCAPE
 46161 | Zot:5    | 46161 ||| RETREATING.
 46164 | Zot:5    | 46164 ||| DRINKING 6 potions of haste.
 46174 | Zot:5    | 46174 ||| INVOKING Heroism.
 46241 | Zot:5    | 46241 ||| DRINKING 5 potions of haste.
 46242 | Zot:5    | 46242 ||| INVOKING Finesse.
 46342 | Zot:1    | 46342 ||| RETREATING.
 46353 | Zot:1    | 46353 ||| Stepping ~*~*~tactically~*~*~ (cloud).
 46369 | Zot:1    | Noticed Olaozi the pandemonium lord
 46369 | Zot:1    | 46369 ||| DRINKING 4 potions of haste.
 46370 | Zot:1    | 46370 ||| Stepping ~*~*~tactically~*~*~ (retreating).
 46371 | Zot:1    | 46371 ||| Stepping ~*~*~tactically~*~*~ (retreating).
 46372 | Zot:1    | 46372 ||| Stepping ~*~*~tactically~*~*~ (retreating).
 46373 | Zot:1    | 46373 ||| Stepping ~*~*~tactically~*~*~ (retreating).
 46374 | Zot:1    | 46374 ||| INVOKING Heroism.
 46399 | Zot:1    | Killed Olaozi the pandemonium lord
 46400 | Zot:1    | Reached skill level 21 in Ranged Weapons
 46496 | Depths:4 | 46496 ||| DRINKING 3 potions of haste.
 46497 | Depths:4 | 46497 ||| DRINKING 7 potions of resistance.
 46498 | Depths:4 | 46498 ||| INVOKING Heroism.
 46669 | D:14     | 46669 ||| DRINKING 2 potions of haste.
 46670 | D:14     | 46670 ||| INVOKING Heroism.
 46737 | D:10     | Noticed Unotehof the pandemonium lord
 46737 | D:10     | 46737 ||| DRINKING potion of haste.
 46738 | D:10     | 46738 ||| INVOKING Heroism.
 46755 | D:10     | Killed Unotehof the pandemonium lord
 46941 | D:$      | Escaped with the Orb!

Levels and vault maps discovered:
D:1:      minmay_arrival_stair_chambers, layout_rooms
D:2:      layout_basic, uniq_jessica
D:3:      cheibrodos_helix_gallery, layout_basic, amcnicky_altar_gilded,
          grunt_ministairs_9
D:4:      layout_basic, nicolae_dithmenos_the_darkroom, uniq_natasha
D:5:      layout_basic, nicolae_qazlal_eye_of_the_storm,
          kennysheep_opposing_triangles, uniq_blork_the_orc
D:6:      layout_basic, zin_academy, uniq_crazy_yiuf_cottage
D:7:      kennysheep_six_static_rooms, layout_basic, minmay_temple_entry_grid,
          uniq_prince_ribbit1, uniq_joseph, uniq_pikel
D:8:      layout_basic, fiery_altar_vehumet, minmay_lair_entry_grove,
          serial_shops, shop, nrook_uturn
D:9:      layout_irregular_city, hangedman_misty_isle, uniq_erolcha
D:10:     layout_long_grid, nicolae_yredelemnul_ghost_church, serial_shops,
          shop, uniq_josephine
D:11:     minmay_skewed_foursquare, layout_rooms, nicolae_wwwww, minivault_13,
          uniq_harold
D:12:     layout_roguey, minmay_orc_entry_guard_dogs, serial_shops, shop
D:13:     layout_long_grid
D:14:     layout_roguey, lightli_vaults_fourway_checkpoint,
          serial_park_tiny_pond, uniq_snorg
D:15:     grunt_enter_depths_hoard, layout_basic, gammafunk_ghost_cemetery,
          minmay_parallelograms, eino_small_chamber_without_monster
Temple:   nicolae_temple_superstar
Lair:1:   layout_chaotic_city, portal_ice_cave_entry_pillars_1
Lair:2:   layout_long_grid, enter_volcano_2
Lair:3:   layout_hall_layers, elwin_shoals_entry_rooms,
          spider_nest_entry_funnel_web, gammafunk_ghost_necromancy, ice2_lemuel,
          lemuel_fruit_tree
Lair:4:   layout_hall_layers, slime_entry_1, amcnicky_mini_pool_medium,
          lemuel_fruit_fields, lemuel_fruit_fields
Lair:5:   guppyfry_lair_end_dragon, layout_loops_ring, lemuel_oklob_altar,
          grunt_megastairs_5
Shoals:1: layout_shoals, serial_shops, nicolae_shop_pleasant_corner_grove
Shoals:2: layout_shoals, serial_shops, shop, nicolae_shoals_spectral_cove
Shoals:3: layout_shoals
Shoals:4: shoals_end_grunt_ice, layout_shoals
Spider:1: layout_cave_pods, uniq_asterion, uniq_roxanne
Spider:2: layout_spider_delve, nicolae_spider_world_wide_web,
          hangedman_spider_tarantella_strand, uniq_donald
Spider:3: layout_spider_delve, nicolae_spider_solar_radiation, uniq_jorgrun
Spider:4: hellmonk_spider_rune_bug_friends, hellmonk_motheaten_closet
Orc:1:    layout_caves, serial_shops, shop, special_room [special_room_bee]
Orc:2:    st_orc_ogre_mass, layout_caves, nicolae_orc_crystal_geode
Vaults:1: ontoclasm_vaults_ligature, vaults_dpeg_diagonal,
          nicolae_vaults_spaceships, nicolae_vaults_little_squares_6,
          v_pattern_5, vaults_dpeg_encased_lava, nicolae_vaults_tetromino_T_1,
          hangedman_vaults_stretched_pinwheel, nicolae_vaults_sightless_eye,
          nicolae_vaults_tetromino_Z_2, nicolae_vaults_tetromino_T_2,
          layout_vaults_omnigrid, serial_shops, shop, nicolae_shop_hallway_plus,
          shop, shop, shop
Vaults:2: ebering_ghost_inner_flame, minmay_crypt_entry_skeletal_spiral,
          nicolae_vaults_network_periphery, st_eye, v_misc_33, v_misc_1,
          hangedman_vaults_corner, grunt_vaults_hallway_short,
          ontoclasm_vaults_loading_screen, vaults_dpeg_doors,
          vaults_standard_mumra_x, nicolae_vaults_diamond_2,
          nicolae_vaults_offset_grid_hallway_3, ontoclasm_vaults_shuriken,
          ontoclasm_vaults_pinch, nicolae_vaults_more_shelving_1,
          layout_vaults_maze
Vaults:3: hangedman_vaults_stretched_pinwheel, v_rooms_1,
          vaults_room_semicircle, nicolae_vaults_turnstiles,
          nicolae_vaults_bisected_exclaves, v_misc_23, v_alt_pattern_3,
          ontoclasm_vaults_loading_screen, nicolae_vaults_rhombus_6,
          nicolae_vaults_trapezoid_3, vaults_mumra_chevron_long,
          hangedman_vaults_nails, vaults_room_pools, layout_vaults_big_cross,
          serial_shops, shop, uniq_boris
Vaults:4: hangedman_vaults_unwind, nicolae_vaults_little_ls,
          hangedman_vaults_snaps, nicolae_vaults_diffraction_hallways,
          v_misc_28, nicolae_vaults_house_2, vaults_mumra_hexcomb,
          ontoclasm_vaults_fault, nicolae_vaults_ninety_degrees,
          layout_vaults_omnibox, serial_shops, nicolae_shop_statue_plus,
          uniq_mennas
Vaults:5: serial_shops
Depths:1: layout_roguey, enter_ziggurat_d, lightli_enter_wizlab_magi_temple,
          hell_entry, st_stairs_13, dreamdust_wishing_well, xom_redecorated,
          uniq_aizul, uniq_nikola
Depths:2: minmay_angry_zag, layout_gridlike, pan_entry, glass_columns_a,
          grunt_hell_horde, serial_shops, shop, guppyfry_shop_earth,
          infiniplex_staircase_door_maze, grunt_megastairs_4, uniq_bai_suzhen
Depths:3: radiant_caverns_b_rkd, pan_entry, abyss_entry, serial_shops,
          hell_entry, uniq_enchantress
Depths:4: evilmike_zot_entry_argh, layout_gridlike, serial_bayou_shore_a,
          pf_hell_entry_tar_spiral, grunt_ministairs_3
Zot:1:    layout_cellular_growth, ebering_ghost_xom
Zot:2:    layout_onion
Zot:3:    layout_onion_interference, st_small_dragon_hoard_2, uniq_parghit,
          uniq_josephina
Zot:4:    layout_concentric_octagons
Zot:5:    layout_basic, lemuel_baited_zot_trap

Skill      XL: |  1  2  3  4  5  6  7  8  9 10 11 12 13 14 15 16 17 18 19 20 21 22 23 24 25 26 |
---------------+-------------------------------------------------------------------------------+-----
Ranged Weapons | 5 6 7 8 10 11 13 14 15 17 19 20 21 | 21.0
Fighting       | 3 4 5 6 8 10 11 12 14 16 18 20 22 23 24 25 26 27 | 27.0
Armour         | 1 2 3 4 6 7 8 10 11 12 13 14 15 16 18 20 21 | 21.5
Dodging        | 2 3 4 6 7 8 9 10 12 13 14 15 17 18 19 20 22 | 22.0
Invocations    | 4 8 10 11 | 11.5
Stealth        | |  1.1

Action                     |  1- 3 |  4- 6 |  7- 9 | 10-12 | 13-15 | 16-18 | 19-21 | 22-24 | 25-27 || total
---------------------------+-------+-------+-------+-------+-------+-------+-------+-------+-------++-------
   Fire: Shortbow          |   114 |   123 |       |       |       |       |       |       |       ||   237
         Longbow           |       |    72 |   204 |   584 |  1215 |  1671 |  1990 |  2479 |   912 ||  9127
 Invoke: Heroism           |       |       |       |    16 |    22 |    28 |    19 |    30 |    20 ||   135
         Finesse           |       |       |       |       |     8 |     6 |    11 |     9 |     6 ||    40
    Use: Scroll            |     1 |     7 |     6 |    10 |     8 |     1 |     1 |     1 |       ||    35
         Potion            |       |     2 |     2 |       |       |       |       |     8 |    16 ||    28
 Armour: Leather armour    |    42 |     8 |       |       |       |       |       |       |       ||    50
         Ring mail         |       |   102 |   111 |   228 |   225 |   403 |   234 |   145 |       ||  1448
         Acid dragon scale |       |       |       |       |       |       |       |   384 |   125 ||   509
  Dodge: Dodged            |    49 |    82 |    47 |   312 |   459 |   857 |   473 |  1431 |   349 ||  4059
  Block: Other             |       |     5 |    22 |    70 |    84 |   115 |    68 |   192 |    14 ||   570

Table legend:
 A = Non-vault XP
 B = Vault XP
 C = Vault XP percentage of total XP
 D = Non-vault monster count
 E = Vault monster count
 F = Vault count percentage of total count
                 A         B        C        D         E       F
            +---------+---------+-------+---------+---------+-------
      Total |  591003 |  559856 |  48.6 |    1218 |     696 |  36.4
            +---------+---------+-------+---------+---------+-------
        D:1 |      25 |       0 |   0.0 |      17 |       0 |   0.0
        D:2 |      29 |      37 |  56.1 |      17 |       1 |   5.6
        D:3 |     125 |      21 |  14.4 |      25 |       5 |  16.7
        D:4 |     231 |      36 |  13.5 |      13 |       1 |   7.1
        D:5 |     747 |     354 |  32.2 |      13 |       5 |  27.8
        D:6 |    1619 |       0 |   0.0 |      29 |       0 |   0.0
        D:7 |    1553 |    2241 |  59.1 |      20 |       9 |  31.0
        D:8 |    1275 |    2161 |  62.9 |      32 |      13 |  28.9
        D:9 |    2056 |    1836 |  47.2 |      31 |       7 |  18.4
       D:10 |     682 |    1986 |  74.4 |       8 |       6 |  42.9
       D:11 |    5076 |    2848 |  35.9 |      26 |       6 |  18.8
       D:12 |    6791 |     323 |   4.5 |      22 |       2 |   8.3
       D:13 |    8601 |       0 |   0.0 |      19 |       0 |   0.0
       D:14 |    4871 |    8706 |  64.1 |      14 |      13 |  48.1
       D:15 |   12178 |    1836 |  13.1 |      25 |       2 |   7.4
     Lair:1 |    5189 |       0 |   0.0 |      32 |       0 |   0.0
     Lair:2 |    7296 |       0 |   0.0 |      34 |       0 |   0.0
     Lair:3 |    6307 |    3971 |  38.6 |      18 |      19 |  51.4
     Lair:4 |    8340 |    1926 |  18.8 |      28 |       4 |  12.5
     Lair:5 |   14280 |    5479 |  27.7 |      39 |      17 |  30.4
   Shoals:1 |   14287 |       0 |   0.0 |      27 |       0 |   0.0
   Shoals:2 |   22241 |    6713 |  23.2 |      38 |      12 |  24.0
   Shoals:3 |   17372 |       0 |   0.0 |      34 |       0 |   0.0
   Shoals:4 |    7148 |   24358 |  77.3 |      13 |      35 |  72.9
   Spider:1 |   13447 |    3176 |  19.1 |      33 |       2 |   5.7
   Spider:2 |   18702 |    6352 |  25.4 |      54 |      17 |  23.9
   Spider:3 |   20596 |    6578 |  24.2 |      52 |       7 |  11.9
   Spider:4 |   12321 |   18093 |  59.5 |      34 |      25 |  42.4
      Orc:1 |    1721 |    1457 |  45.8 |      30 |      20 |  40.0
      Orc:2 |    1011 |   14783 |  93.6 |      19 |      34 |  64.2
   Vaults:1 |   41976 |   16230 |  27.9 |      65 |      19 |  22.6
   Vaults:2 |   22357 |   42104 |  65.3 |      30 |      59 |  66.3
   Vaults:3 |   20344 |   12952 |  38.9 |      35 |      19 |  35.2
   Vaults:4 |   12289 |   54781 |  81.7 |      18 |      57 |  76.0
   Vaults:5 |   20591 |   76274 |  78.7 |      28 |      60 |  68.2
   Depths:1 |   34696 |    4394 |  11.2 |      38 |       4 |   9.5
   Depths:2 |   34142 |   30925 |  47.5 |      43 |      34 |  44.2
   Depths:3 |       0 |   61236 | 100.0 |       0 |      94 | 100.0
   Depths:4 |   41839 |   18660 |  30.8 |      51 |      20 |  28.2
      Zot:1 |   15752 |       0 |   0.0 |      15 |       0 |   0.0
      Zot:2 |   33482 |       0 |   0.0 |      24 |       0 |   0.0
      Zot:3 |   23249 |    8177 |  26.0 |      18 |       4 |  18.2
      Zot:4 |   43015 |       0 |   0.0 |      35 |       0 |   0.0
      Zot:5 |   31154 |  103540 |  76.9 |      22 |      41 |  65.1
     WizLab |       0 |   15312 | 100.0 |       0 |      23 | 100.0
            +---------+---------+-------+---------+---------+-------
